Workbook

Sheet Tab 1 Budget summary
B3: Table 1: Total budget MACP USD | E3: Table 5: Total budget OF USD
B4: Organization | C4: Total (2024-2027) | E4: Organization | F4: Total (2024-2027)
B5: UNHCR | C5: =C15+C25 -> 10751880 | E5: UNHCR | F5: =SUM(F15+F25) -> 0
B6: UNICEF | C6: =SUM(C16+C26+C35) -> 15312998 | E6: UNICEF | F6: =SUM(F16+F26+F35) -> 0
B7: ILO | C7: =SUM(C17+C27+C36) -> 15247967 | E7: ILO | F7: =SUM(F17+F27+F36) -> 0
B8: World Bank | C8: =SUM(C18+C28) -> 7000000 | E8: World Bank | F8: =SUM(F18+F28) -> 0
B9: IFC | C9: =SUM(C19+C29) -> 4000000 | E9: IFC | F9: 0
B10: Total | C10: =SUM(C5:C9) -> 52312845 | E10: Total | F10: =SUM(F5:F9) -> 0
B13: Table 2: Total activity costs MACP USD | E13: Table 6: Total activity costs OF USD
B14: Organization | C14: Total (2024-2027) | E14: Organization | F14: Total (2024-2027)
B15: UNHCR | C15: ='Tab 2 Programme Portfolio'!B62 -> 10095662 | E15: UNHCR
B16: UNICEF | C16: ='Tab 2 Programme Portfolio'!B63 -> 14038319 | E16: UNICEF | F16: ='Tab 2 Programme Portfolio'!E63 -> 0
B17: ILO | C17: ='Tab 2 Programme Portfolio'!B64 -> 13360174 | E17: ILO | F17: ='Tab 2 Programme Portfolio'!E64 -> 0
B18: World Bank | C18: ='Tab 2 Programme Portfolio'!K57 -> 7000000 | E18: World Bank | F18: ='Tab 2 Programme Portfolio'!E65 -> 0
B19: IFC | C19: ='Tab 2 Programme Portfolio'!B66 -> 4000000 | E19: IFC | F19: ='Tab 2 Programme Portfolio'!E66 -> 0
B20: Total | C20: =SUM(C15:C19) -> 48494155 | E20: Total | F20: =SUM(F15:F19) -> 0
B23: Table 3: Indirect recovery costs MACP USD - optional | E23: Table 7: Indirect recovery costs OF USD - optional
B24: Organization | C24: Total (2024-2027) | E24: Organization | F24: Total (2024-2027)
B25: UNHCR | C25: =0.065*C15 -> 656218.03 | E25: UNHCR | F25: 0
B26: UNICEF (indirect costs) | C26: =0.08*C16 -> 1123065.5 | E26: UNICEF (indirect costs) | F26: 0
B27: ILO | C27: 1736822.7 | E27: ILO | F27: 0
B28: World Bank | C28: 0 | E28: World Bank | F28: 0
B29: IFC | C29: 0 | E29: IFC | F29: 0
B30: Total | C30: =SUM(C25:C29) -> 3516106.2 | E30: Total | F30: =SUM(F25:F29) -> 0
B33: Table 4: UN Levy costs MACP USD | E33: Table 8: UN Levy costs OF USD
B34: Organization | C34: Total (2024-2027) | E34: Organization | F34: Total (2024-2027)
B35: UNICEF | C35: =0.01*(C16+C26) -> 151613.84 | E35: UNICEF | F35: 0
B36: ILO | C36: 150969.97 | E36: ILO | F36: 0
B37: Total | C37: =SUM(C35:C36) -> 302583.81 | E37: Total | F37: =SUM(F35:F36) -> 0

Sheet Tab 2 Programme Portfolio
A1: Reference | B1: Title of Intervention | C1: Type of intervention | D1: MACP or OF | E1: Short description of Intervention Include a few lines on what was done under 1.0, explain what will be done under 2.0, specify with a sentence on the alignment with other activities for the aligned activities | F1: Pillar | G1: Participating Partners (PROSPECTS only) | H1: UNICEF Budget (if applicable) | I1: UNHCR Budget (if applicable) | J1: ILO Budget (if applicable) | K1: WB Budget (if applicable) | L1: IFC Budget (if applicable) | M1: Total budget (= multi-annual) | N1: Geographic area | O1: Implementation period | P1: Target group | Q1: Government Counterparts | R1: Other implementing organizations | S1: Contribution to the contextualized TOC | T1: Contribution to ToC Outcomes | U1: Other relevant information
A2: Pillar 1: EDUCATION AND LEARNING | H2: =SUM(H3:H17) -> 6525244 | I2: =SUM(I3:I17) -> 4272662 | J2: =SUM(J3:J17) -> 4820000 | K2: =SUM(K3:K17) -> 1980000 | L2: =SUM(L3:L17) -> 0 | M2: =SUM(M3:M17) -> 17597906
A3: 1.1 | B3: Increased delivery of quality education (formal) and system strengthening for increased access to education and retention in targeted refugee settlement schools. | C3: Collective intervention | D3: MACP | E3: This intervention is aligned with the ERP II Outcome II and it is aimed at improving the quality of teaching and learning, UNHCR will contribute through the following activities: 1) recruit, deploy and hire teachers aligned with national teacher competencies; 2) capacity building for teachers. In addition, a % of teachers will be recruited, deployed and hired through the DLGs 3) provision of scholarships with particular focus on girls and children with disabilities will be critical to adress a major barrier to access formal and non-formal education (secondary and TVET/VCT). Based on the experiece from PROSPECTS Phase I this was a critical activity to support and bring back in school or give access to vocational trainings to out of school boys, girls and children with disabilities. This activity is already implemented in other districts (Kyriandongo and Koboko) and will be scaled up under the PROSPECTS. Another outstanding feature of primary education in Uganda is the large presence of overaged children. According to the annual school census conducted in 2017, while 83.7% of the pupils were enrolled within the official primary school age of 6-12 years, only 31% were enrolled in the appropriate grades from their respective ages. As such, UNICEF will support the Ministry of Education and Sports (MoES) plans to scale-up the U Catch Up initaitive as a remedial learning pedagogy for overage for grade 20,000 adolescents (in upper primary levels). U Catch Up is the nationally branded remedial programme building on the piloting of Teaching at the Right Level (TaRL) programme in phase one of the PROSPECTS programme. The intervention aims to build key foundational learning skills such as literacy and numeracy in Isingiro, Madi Okollo and Terego districts. In line with ERP II, UNICEF will support remedial learning programmes targeting adolescents in 180 primary schools. The intervention is aligned with UNHCR's support to critical operations at the school level which includes payment of teachers' salaries. This activity will have beneficiaries receiving services from two or more agencies: UNHCR and UNICEF will support interventions in the same schools. | F3: Pillar 1: EDUCATION AND LEARNING | G3: UNHCR, UNICEF | H3: 798274.25 | I3: 4272662 | M3: =SUM(H3:L3) -> 5070936.2 | N3: Madi Okollo, Terego and Isingiro | O3: 2024-2027 | P3: In and out-of-school children including adolescents from refugee and host communities | Q3: MOES, MOLG, DLG and OPM | R3: Windle International Uganda Finn Church Aid | S3: 1.1 Foundational Skills | T3: Access to basic services
A4: New Intervention (1.2) | B4: Support transition of education services into the mainstream education system. | C4: Collective intervention | D4: MACP | E4: Transition of education services into the mainstream education system will be done through coding and grant-aiding of facilities serving refugees and host communities. PROSPECTS partners will closely work with MoES, the MGLSD, MoLG and OPM and will advocate for and work to: (1) UNHCR and partners will advocate and support for coding and government take over of community schools establshed by humaniterian actors to address the gaps as result of emergency.- This support may include upgrading education facilities to required govt standard. This is part of the Goverement of Uganda's Pledge at the 2023 GRF. (2) Partners will advocate and support the certification and registration of refugee teachers in the Teacher Management Information System (TMIS). (3) Support the roll-out and operationalization of the EMIS through enhancing the capacity of PROSPECTS districts and schools to fully and effectively manage EMIS data, especially on data related to refugees. This builds on existing activities and experience of UNHCR in enhanciing EMIS capacity of schools in refugee-districts. | F4: Pillar 1: EDUCATION AND LEARNING | G4: UNHCR, UNICEF | N4: Madi Okollo, Terego, Isingiro and Kampala | O4: 2024-2027 | Q4: MOES, MOLG, DLG and OPM | T4: Inclusion in national systems
A5: 1.3 | B5: Provision of accelerated learning programmes for out-of-school adolescents to gain foundational learning skills needed for life and work | C5: Partner specific intervention | D5: MACP | E5: Aligned with the focus on in-school children and youth, through the provision of the Accelerated Education Programme, this intervention will target 2,500 out-of-school children and youth who need to build foundational learning skills before transitioning into secondary education or alternative skilling pathways. The programme condenses the seven years of primary education into three levels/years. P1, P2 and P3 are covered in the first year of AEP. The second year combines P4 and P5 curriculum. In the last year, P6 and P7 are covered. Emphasis will only on levels two and three, with the aim of helping out-of-school adolescents get the primary education certificate. While this is a partner-specific activity, the intervention is linked to other interventions and will have beneficiaries receiving services from two or more agencies: Out-of-school students who complete the UNICEF-supported AEP programme will transit to UNHCR-supported secondary schools or UNICEF/ILO-supported skilling programme. | F5: Pillar 1: EDUCATION AND LEARNING | G5: UNICEF | H5: 608717.49 | M5: =SUM(H5:L5) -> 608717.49 | N5: Madi Okollo, Terego and Isingiro | S5: 1.1 Foundational Skills
A6: 1.4 | B6: Development or update of educational skills training curricula and programs | C6: Partner specific intervention | D6: MACP | E6: Develop, localize, update and certify skills development content and asseessment instruments that are inclusive. Focus will be on online and offline programmes (especially on skills required for green and digital economies) to prepare young people for successful transition to work and life. The intervention will align with evidence generation activities under pillar two to ensure market-driven skills development content. This is an addition to being linked with pillar one interventions related to increased access to quality education in target districts, which includes skilling in secondary education and vocational training institutions, implemented by UNHCR and UNICEF. | F6: Pillar 1: EDUCATION AND LEARNING | G6: UNICEF | H6: 240283.22 | M6: =SUM(H6:L6) -> 240283.22 | N6: Madi Okollo, Terego, Isingiro and Kampala | S6: 1.2 Transferable Skills
A7: 1.5 | B7: Rolling out life skills training for in and out-of-school adolescents within formal and non-formal education and training settings | C7: Aligned intervention | D7: MACP | E7: As part of phase one, UNICEF supported MOES to develop the Life Skills Toolkit for the national rollout in primary and secondary schools, within the co-curricular space. The initative aimed to advance life skills education in Uganda with evidence-based practices and a programme designed for scalability, institutionalization and ownership by Ugandan educators and communities. In this phase, UNICEF will support the rollout of the life skills training in target locations to help 36,000 in-school adolescents in addition to 9,6000 out-of-school adolescents to build key transferable skills needed for work and life. While in-school adolescents will be targeted in 180 primary and 40 secondary schools, out-of-school adolescents will be targeted through Youth Skills Centers and/or Community Centers established by UNHCR and ILO as part of phase one. UNICEF will place greater emphasis on localization of training resources and ensuring disability inclusion in the scale-up process. Since schools are recognized as platforms for integrated service delivery, and for adolescents in schools, school clubs in turn will continue to be a specific entry point for adolescents’ development of life skills, and also for long-term institutionalization of life skills education delivery. The intervention aligns with the need to strengthen school-based clubs as an effective platform for delivering co-curricular activities, which have been found to contribute to increased school completion rates, enhanced learning, and positive social outcomes for students. Co-curricular activities have also been well-established as an essential element of Uganda’s own educational and cultural traditions. | F7: Pillar 1: EDUCATION AND LEARNING | G7: UNICEF, UNHCR, ILO | H7: 1156563.2 | M7: =SUM(H7:L7) -> 1156563.2 | N7: Madi Okollo, Terego, Isingiro and Kampala | S7: 1.2 Transferable Skills
A8: 1.6 | B8: Supporting the scale-up of the digital Skills training for in-school and out-of-school young people | C8: Aligned intervention | D8: MACP | E8: In phase one of the PROSPECTS programme, UNICEF and UNHCR supported MoES to develop the Digital Agenda Strategy 2023-2027. As part of the strategy document, a comprehensive skills framework for digital literacy was developed to guide and inform skills development initiatives in this critical area. This was followed by the development of the Digital Skills Toolkit to be rolled out in secondary schools in Uganda. The toolkit was piloted during phase one in 15 schools, reaching 2,000 adolescents. In phase two, UNICEF plans to institutionalize and expand the Digital Skills training within formal education settings in collaboration with MoES and within non-formal education settings in partnership with the MoGLSD. Utilizing digital infrastructure investments made by UNHCR and ILO in phase one and planned activities in phase two, UNICEF will implement the Digital Skills training targeting 5,000 adolescents in 40 secondary schools and 4 TVET centers in addition to 5,000 out-of-school adolescents in community centers (established by ILO and UNHCR as part of phase one) and Youth Skills Centers (established by UNICEF). The intervention is aligned with ILO and UNICEF contribution to the rollout of apprenticship and internship programmes. Under Phase 2, UNICEF, UNHCR and ILO will also support the operationationalization of the Digital Agenda Strategy by supporting the development and implementation of a costed roadmap, which includes digital learning and skilling for refugees. | F8: Pillar 1: EDUCATION AND LEARNING | G8: UNICEF, UNHCR, ILO | H8: 854340.33 | M8: =SUM(H8:L8) -> 854340.33 | N8: Madi Okollo, Terego, Isingiro and Kampala | S8: 1.2 Transferable Skills
A9: 1.7 | B9: Transferable and life skills package for young people expanded through co-curricular and non-formal education programme. | C9: Collective intervention | D9: MACP | E9: During Phase One, ILO and UNICEF partnered to co-design an integrated social innovation and entrepreneurship programme, i-UPSHIFT reaching 1,000 adolescents and youth from refugees and host communities. This intervention will scale up the human-centred design-based social innovation approaches among young people in refugees and host communities. The approaches empower young people to become social innovators and produce social impact in their communities. These approaches combine social innovation workshops, mentorship, incubation, and seed funding. This helps young people to build transferable skills, social innovation, and social entrepreneurship skills, positively impacting the broader community through the benefits of the products and services that young people design and create, and change perceptions about young people as positive agents of change, rather than “a problem” to be solved. UNICEF will target 5,000 adolescents in 40 secondary schools and 4 TVET centres, and 5,000 out-of-school adolescents in community centres (established by ILO and UNHCR as part of phase one) and Youth Skills Centers (established by UNICEF). UNICEF plans to enrich the content with localised, offline and online resources while ensuring disability inclusion. UNICEF and ILO will aim to empower young people to develop the skills needed to solve climate challenges and foster environmental action at the community level. UNICEF and ILO will also promote participation platforms and link young champions with government officials at different levels to voice out recommendations and participate in environmental action at the community level. While being a collective intervention, it is also aligned with participation-related interventions. | F9: Pillar 1: EDUCATION AND LEARNING | G9: ILO, UNICEF | H9: 1588539.1 | J9: 1820000 | M9: =SUM(H9:L9) -> 3408539 | N9: Madi Okollo, Terego, Isingiro and Kampala | O9: 2024-2027 | P9: Youth from refugee and host communities in the target areas;Private Sector Enterprises (PSEs) | Q9: Ministry of Education and Sports; including Directorate of Industrial Training (DIT); Office of the Prime Minister; Local governments of the target districts | R9: UNLEASHED; Stand For Change and Unity; Windle International Uganda; Rice WestNile; Wezesha Impact; Start Hub Africa; | S9: 1.2 Transferable Skills | T9: Access to basic services
A10: 1.8 | B10: Modeling job-specific training programmes for out-of-school adolescents | C10: Aligned intervention | D10: MACP | E10: With focus on strengthening transition from learning to earning and from school to decent work, UNICEF will model job-specific and internship programmes to help young people on the move develop job-specific skills, explore pathways of transition and enhance their (self)employability prospects. Job-specific training on employability skills for green and digital economies will be provided to 2,500 adolescents, out of which 1,000 adolescents will be linked to internship opportunities with local or global actors in the private sector or provided additional support to create/sustain their small businesses. Prioritization will be given to companies that work in the area of the green economy (e.g., renewable energy, waste management, sanitation & agri-tech) and digital economy (e.g., e-commerce, e-marketplaces, fintech, digital communications & microwork). This aligned intervention will also have beneficiaries receiving services from 2 or more agencies: beneficiaries from skilling interventions (1.2, 1.4, 1.5, 1.6) will be linked to interventions 1.7 (internships supported by UNICEF) and 1.8 (apprenticeships supported by ILO) | F10: Pillar 1: EDUCATION AND LEARNING | G10: UNICEF, ILO | H10: 1134670.8 | M10: =SUM(H10:L10) -> 1134670.8 | N10: Madi Okollo, Terego, Isingiro and Kampala | S10: 1.4 Internship, apprenticeship and entrepreneurship, employment opportunities
A11: 1.9 | B11: Inclusive formal intership and apprenticeship programme | C11: Aligned intervention | D11: MACP | E11: In phase one, a quality apprenticeship program has been piloted in the hotel sector with the participation of refugees and host community youth. This was implemented inline with the Uganda National Apprenticeship Framework with cabinet endorsement. In the second phase, the intervention will continue the apprenticeship program in the hotel sector and explore additional occupations within it. In addition, phase two will also explore apprenticeship programs in other key growth sectors of the economy, such as agriculture and oil and gas. Expanding into other vital sectors of the economy will broaden the scope of the programme's impact. Furthermore, PROSPECTS will support government to develop an Apprenticrship Regulation to guide delivery of apprenticeship programmes. There will be purposeful targeting to ensure gender and disability inclusion by actively targeting and encouraging the participation of women and individuals with disabilities, creating a more diverse and inclusive workforce in these sectors. Moreover, reasonable accommodation will be provided to ensure the effective participation of persons with disabilities (PWDs) and ensure they benefit fully from the training and apprenticeship opportunities. IFC will be consulted and leveraged to find additional private sector companies interested in accepting appropriate interns. ILO will engage USEEP WB project to complement costs of equating qualifications for participating refugee youth and the Climate Smart WB Project to provide a workplace for training apprentices in the agriculture sector | F11: Pillar 1: EDUCATION AND LEARNING | G11: ILO, World Bank | J11: 1880000 | M11: =SUM(H11:L11) -> 1880000 | N11: Isingiro, Terego, Madi Okollo, Jinja and Kampala | O11: 2024-2027 | P11: Youth from refugee and host communities in the program target areas; Training colleges; Employer associations. | Q11: Ministry of Gender, Labour and Social Development; Ministry of Education and Sports, esp. the Directorate of Industrial Training; Local governments of the target districts; Office of the Prime Minister. Ministry of Agriculture Animal Industry and Fisheries (MAAIF) National Animal Genetic Resources Centre & Data bank (NAGRC&DB) Namalere Agricultural Referral Mechanization Centre Bukalasa Agricultural Training College Arapai Agricultural Training College | R11: Uganda Hotel Owner's Association (UHOA); Uganda Hotel and Tourism Training Institute (UHTTI); Uganda Petroleum Institute Kigumba (UPIK). Horticultural Exporters Association of Uganda | S11: 1.4 Internship, apprenticeship and entrepreneurship, employment opportunities | T11: Access to basic services
A12: 1.1 | B12: Skills recognition systems strengthened | C12: Partner specific intervention | D12: MACP | E12: In phase one, ILO worked with the Ministry of Education and Sports (Directorate of Industry Training-DIT) to develop an Assessment and Training Package (ATP) for soap and detergent makers occupation. DIT further developed the capacity of individuals and institutions to train and assess soap making to ensure the soap and detergent produced is competitive in the market. DIT and Federation of Uganda Employers (FUE), mobilized and assessed informally acquired skills of 150 youth from refugee and host communities and linked them to employment opportunities with National Water and Sewerage Cooperation -NWSC ( a member of FUE). In phase two, ILO will scale up this intervention to reach more youth from refugees and host communities who have informally acquired skills in market relevant occupations. They will be assessed and certified in various market-driven skills and connected to work based learning opportunities to ease their transition into the labour market. | F12: Pillar 1: EDUCATION AND LEARNING | G12: ILO | J12: 280000 | M12: =SUM(H12:L12) -> 280000 | N12: Isingiro, Terego, Madi Okollo and Kampala | O12: 2024-2027 | P12: Youth from refugee and host communities in the program target areas. | Q12: Ministry of Education and Sports (especially Directorate of Industrial Training); Local governments of the target districts. | R12: Federation of Uganda Employers | S12: 1.3 Job-specific and vocational skills | T12: Access to basic services
A13: 1.11 | B13: System of foreign certificate recognition strengthened and digitalised | C13: Aligned intervention | D13: MACP | E13: In phase one, ILO supported the National Council for Higher Education (NCHE) to create awareness on equating qualifications process. NCHE further equated the qualifications of 200 refugees to the national standards. NCHE was further supported to develop a Digital Qualifications Verification System (DQVS) which would verify and equate the qualifications of foreigners to Uganda National SYstems. In phase two, NCHE will be supported to strengthen outreach and pilot the Digital Qualifications Verification System (DQVS) which is expected to ease access to this service and improve efficiency. ILO will engage in the process of developing the national qualification framework to support refugee qualification equation. | F13: Pillar 1: EDUCATION AND LEARNING | G13: ILO, UNHCR | J13: 240000 | M13: =SUM(H13:L13) -> 240000 | N13: Isingiro, Terego, Madi Okollo and Kampala | O13: 2024-2027 | P13: Refugees from target areas | Q13: National Council for Higher Education; Local governments of the target districts; Office of the Prime Minister. | R13: Windle International Uganda | S13: 1.3 Job-specific and vocational skills | T13: Access to basic services
A14: 1.12 | B14: Strengthening Access and Quality for Learning and Skills in Uganda’s Refugee Hosting Districts | C14: Aligned intervention | D14: MACP | E14: Improve delivery of early grade reading in RHDs where it is already being implemented under ULEARN and support introduction of EGR in RHDs not yet implementing the program, with a focus on strengthening teacher professional development for inclusive lesson delivery and improving the management and implementation of teacher assistant programs. Provide technical assistance to MoES to support development of early warning systems and early interventions to prevent dropout, especially for girls under USEEP. Improved serviced delivery of TVET training including improvement of TVET training and professional development of instructors under USJP. this is also linked to intervention 1.1. | F14: Pillar 1: EDUCATION AND LEARNING | G14: World Bank - with UNHCR, UNICEF, ILO | K14: 1350000 | M14: =SUM(H14:L14) -> 1350000 | N14: RHDs | O14: 2024-2027 | Q14: MoES | S14: 1.1 Foundational Skills | T14: Access to basic services
A15: 1.13 | B15: Strengtening impact of WB projects, policy dialogue and CRRF coordination | C15: Aligned intervention | D15: MACP | E15: Support the alignment of MACP activities with World Bank education activiites and national operations financed under the Window for Host Communities and Refugees and GPE (UgIFT, USEEP, ULEARN). Provide policy dialogue support for CRRF Structures and the ERP2 and engagement with the CRRF Steering Group and CRRF DPG. Strengthen coordination of PROSPECTS education activities and partners with broader World Bank forced displacement engagement . | F15: Pillar 1: EDUCATION AND LEARNING | G15: World Bank - with UNHCR, UNICEF | K15: 630000 | M15: =SUM(H15:L15) -> 630000 | N15: National and RHDs | O15: 2024-2027 | P15: All stakeholders | Q15: MOES, OPM | S15: 1.3 Job-specific and vocational skills | T15: Access to basic services
A16: 1.14 | B16: Promoting meaningful engagement of young people on the move | C16: Aligned intervention | D16: MACP | E16: The intervention aims to create and sustain platforms to meaningful engagement of young people through leading civic action at the community level. Utilizing U-Report as an active youth engagement platform in Uganda, the intervention will promote amplification of youth voices with focus on enviornmental action and decision making in policy and the PROSPECTS programme. The goal is to institutionalize participation platforms and establish links with government authorities at different administrative levels. Furthermore, in alignment with learning and skilling interventions, UNICEF will prioritize building the capacity of youth led organizations including grassroot structures to develop and implement transformative approaches and solutions for youth, gender equality and people with disabilities (ie., social impact fund). UNHCR, ILO, UNICEF will work on revamping the existing engagement platforms and expanding the scope of the youth engagement platforms. | F16: Pillar 1: EDUCATION AND LEARNING | G16: UNICEF, ILO, UNHCR | H16: 143855.67 | M16: =SUM(H16:L16) -> 143855.67
A17: 1.15 | B17: Access to market relevant vocational, and skills training for refugees, and host communicties with a focus on young people increased. | C17: Aligned intervention | D17: MACP | E17: This intervention will increase access to market relevant vocational, and skills training for youth from refugees, and host communities. This intervention will equip youth with vocational, green, and digital skills to help them transition into wage and self-employment for self-reliance. This intervention will be complemented with work-based learning approaches where youth will be placed in private sector enterprises to learn in the workplace as they acquire employability skills and appreciate the realities of the world of work. In phase two, ILO will also support the implementation of the TVET policy. In phase two, ILO will leverage on market relevant skills assessments conducted in phase one and explore opportunities to intergrate these into existing TVET curriculum with capacity development on delivery of the new curriuclum to TVET institutions, through the ITCILO. | F17: Pillar 1: EDUCATION AND LEARNING | G17: ILO, World Bank | J17: 600000 | M17: =SUM(H17:L17) -> 600000 | N17: Isingiro, Terego, Madi Okollo, Arua, Mbarara | O17: 2024-2027 | P17: Youth from refugee and host communities in the target areas; Vocational Training Institutions in the target areas; TVET trainers; Private Sector Enterprises (PSEs); | Q17: Ministry of Education and Sports, incl. Directorate of Industrial Training (DIT); Office of the Prime Minister; Local governments of the target districts; | R17: ANCHOR; RICE WESTNILE; Windle International Uganda; War Child Holland; BRAC; AVSI Foundation; ENABLE; | S17: 1.4 Internship, apprenticeship and entrepreneurship, employment opportunities | T17: Access to basic services
A18: Pillar 2: ECONOMIC INCLUSION | H18: =SUM(H19:H30) -> 0 | I18: =SUM(I19:I30) -> 70000 | J18: =SUM(J19:J30) -> 8040174.4 | K18: =SUM(K19:K30) -> 3630000 | L18: =SUM(L19:L30) -> 4000000 | M18: =SUM(H18:L18) -> 15740174
A19: 2.1 | B19: Improved labour market governance to facilitate transition from learning to earning | C19: Aligned intervention | D19: MACP | E19: In phase one, the program worked with AVSI Foundation to establish 2 job centers through which employment services were delivered to more than 1,000 youth from refugee and host communities. The MGLSD was also supported to digitize employment services by furnishing the Internal Employment Services Unit with IT equipment and developing the digital platform to connect job seekers to employment opportunities. Additionally, an ILO-commissioned feasibility assessment identified opportunities in microwork and freelancing for refugee and HC youth, and key partners were identified to facilitate linkages to opportunities in the gig economy. In phase two, the programme will scale up the employment services in the programme's target areas and integrate digital and green skills in the employability training and digitalize employment services to reach more youth. ILO will continue to support the government to digitize employment services and ratify Conventions 181 and 88 on Employment Services. Some of the employment services will include, training and apprenticeship opportunities and linkage to employment opportunities including opportunities in the labour market including gig economy. The activity will be closely aligned with the World Bank's Uganda Digital Acceleration Project (UDAP) to support the scaling up of digitalization in employment services, enabling broader access for youth. Additionally, young people trained under the Pillar One interventions will be connected to employment service facilities to enhance their opportunities and access to the labour market. | F19: Pillar 2: ECONOMIC INCLUSION | G19: ILO, WB, UNHCR, UNICEF | J19: 1580174.4 | M19: =SUM(H19:L19) -> 1580174.4 | N19: Isingiro, Mbarara Terego, Madi Okollo, Arua and Kampala | O19: 2024-2027 | P19: Youth from refugee and host communities in the program target areas Govt officials responsible for employment services Employer organizations | Q19: Ministry of Gender, Labour and Social Development, National Information Technology Authority Uganda (NITA-U); Local governments in the program target districts. | R19: AVSI Foundation | S19: 2.1 Improved and inclusive labor market governance | T19: Access to socio-economic opportunities
A20: 2.2 | B20: Enhanced business environment for public, and private investment to ignite inclusive economic opportunities for refugees and host communities. | C20: Collective intervention | D20: MACP | E20: PROSPECTS partners in Phase I focused on enhancing the Local Economic Development (LED) of the target districts to create increased economic opportunities for host communities and refugees. The ILO’s Approach to Inclusive Market Systems (AIMS) and financial inclusion market-based approaches were used to support livelihoods for refugee and host communities by strengthening sesame, cassava and soybean values. Despite achievements made in increasing production and creating market linkages for more than 3,000 (farmers) producers, stronger partnerships between local governments are needed to address challenges that persist like access to land by refugee farmers and leveraging on government efforts to create a favourable investment climate. In Phase II, this intervention will contribute to the implementation of the Local Economic Policy and Strategy by supporting the establishment, and operationalisation of Local Economic and Investments Committees in PROSPECTS targeted districts. Technical assistance will be provided to develop Lcocal Economic Development (LED) guidelines, and capacity building of Local Economic and Investment Committees and the LED Secretariat at the Ministry of Local Government through ILO-ITC courses on LED. Effective Local Economic and Investment Committees will create a platform that coordinates all relevant stakeholders, improve services for investors and the business environment. IFC’s planned program related to economic development and inclusion of the domestic private sector would find out activities to complement with other active partners. Joint activities to map potential private sector companies for IFC’s engagement will be launched in partnership with PROSPECTS Partners. IFC can also contribute to promoting and facilitating public-private sector partnerships (PPP) principles to focus on providing access to finance and improved livelihoods for refugees. For example, collaborations with private agricultural firms and UNHCR can enhance refugee farmers' access to land and technology, promoting agricultural productivity, access to irrigation, etc. | F20: Pillar 2: ECONOMIC INCLUSION | G20: ILO, IFC, WB | J20: 1800000 | M20: =SUM(H20:L20) -> 1800000 | N20: Isingiro, Terego, Madi-Okollo, Arua and Kampala | O20: 2024-2027 | P20: District local governments of the targeted districts; Government ministries and agencies relavant for trade and investments; Employers organisations and Business associations | Q20: Ministry of Trade, Industry & Cooperatives; Uganda Investment Authority; Ministry of Agriculture; District Local Governments of Isingiro; Terego, Madi-Okollo and Arua distrcts; Uganda National Bureau of Standards; Office of the Prime Minister; Ministry of Local Government; | R20: Federation of Uganda Employers; Federation of Small and Medium-Sized Enterprises (FSME); Uganda Women Entrepreneurs Association Limited (UWEAL); National Organisation of Trade Unions (NOTU); Private Sector Foundation Uganda. | S20: 2.2 Enhanced public and private investment | T20: Access to socio-economic opportunities
A21: 2.3 | B21: Expanded Public employment programmes scaled and capacity of government and partners strengthened to design, implement Employment Intensive public works that create decent work opportunities for refugees and host communities | C21: Collective intervention | D21: MACP | E21: In Phase I,the programme worked with Ministry of Gender,Labour and Social Development,target refugee hosting districts of Arua,Madi-Okollo,Terego and Isingiro,private sector,refugees and host communities to develop and implement the Public Employment Programme that focused on providing short-term job opportunities to over 6,000 refugees and host communities participating in road maintenance ,drainage channel rehabilitation , institutional greening and solid waste management projects .Additionally, the programme supported the rehabilitation and construction of schools,community multipurpose centers in refugee and host communities using Local Resource Based approaches to create job opportunities and employable skills creation, enterprises and productive assets to support social and economic integration. In Phase II ILO PROSPECTS will work with the Government of Uganda to scale up the implementation of the Public Employment Programmes (PEP) targeting refugees and host communities to participate in the construction and rehabilitation of priority infrastructure,community assets, and green sectors that will be mapped in collaboration with all relevant stakeholders based on the community asset needs and priorities within the refugee and host communities.This activity will be aligned with the upcoming World Bank and OPM DRDIP phase two programme, which has similar components of interventions. | F21: Pillar 2: ECONOMIC INCLUSION | G21: ILO, WB | J21: 2200000 | M21: =SUM(H21:L21) -> 2200000 | N21: Isingiro,Terego,Madi-Okollo | O21: 2024-2027 | P21: Men and women from refugee and host communities, government, Labour Based Training institutions and private contractors | Q21: Ministry of Gender,Labour and Social Development; Uganda National Roads Authority; Office of the Prime Minister; National Forestry Authority (NFA); National Environmental Management Authority; Local governments in the programme target districts(Terego,Madi Okollo and Isingiro), LIPW Inter-ministerial Working Group Ministry of Works, and Transport(MoWT); Mount Elgon Labour Based Training College (MELTEC); Office of the Prime Minister(OPM); | R21: Private Contractors; International and National non-profit organisations; United Nations Office for Project Services(UNOPS). Uganda National Association of Builders, Suppliers and Engineering Contractors, Uganda Institution of Professional Engineers(UIPE) | S21: 2.4 Increased public employment programmes | T21: Access to socio-economic opportunities
A22: 2.4 | B22: Increased access to financial and non-financial Business Development Services to foster inclusive economic opportunities for refugees and host communities. | C22: Collective intervention | D22: MACP | E22: This intervention will support existing and new entrepreneurs, and cooperatives to access financial and non-financial Business Development Services (BDS) to maximize the potential of businesses to create economic opportunities for refugees and host communities. It will optimize the institutional capacity built in Phase I for four Financial Service Providers (FSPs), Business Management, and Financial Education Trainers to increase access to BDS services, including adoption of digital tools by youth-led MSMEs, as guided by an ILO-commissioned feasibility assessment on digital job opportunities conducted in Phase 1. Additionally, a mapping of micro and small enterprises supported by PROSPECTS is being underken to identify their capacity needs to improve products towards attaining national quality standards. In Phase II, linkages will be built with the Uganda National Bureau of Standards (UBOS) to support entrepreneurs who want to improve the quality of their products and attain quality standards as well as Uganda Registration Services Bureau (URSB) for business registration. Enterprises will be supported either as individuals, groups, or in cooperatives, depending on the services required. IFC signed an agreement with one of the Financial Institutions (FI) in Uganda to access its capacity to offer more digital services and offer financial services to the refugees. Based on the recommendations, IFC will help the FI to extend services to the refugees and host communities. Also, IFC will create linkages with UNHCR and ILO to allow beneficiaries access to financial services from this FI. | F22: Pillar 2: ECONOMIC INCLUSION | G22: ILO, IFC, UNHCR | J22: 2300000 | M22: =SUM(H22:L22) -> 2300000 | N22: Kampala, Isingiro, Terego, Madi-Okollo and Arua | O22: 2024-2027 | P22: Existing and potential entreprenuers in target districts; Farmer groups; Financial institutions; Agricultural cooperatives | Q22: Uganda National Bureau of Standards; Uganda Registration Services Bureau; Ministry of Trade; Industry and Cooperatives, National Information Technology Authority(NITAU); District Local Governments of Isingiro, Terego, Madi-Okollo, and Arua distrcts. | R22: Federation of Uganda Employers; Federation of Small and Medium-Sized Enterprises (FSME); Uganda Women Entrepreneurs Association Limited (UWEAL); Business Development Service Providers Network; Equity Bank; Opportunity Bank; Rural Finance Initiative (RUFI); Innovation Hubs. | S22: 2.3 Access to business development services, finance and market linkages | T22: Access to socio-economic opportunities
A23: 2.5 (a) | B23: Increased access to financial and non-financial Business Development Services to foster inclusive economic opportunities for refugees and host communities. | C23: Partner specific intervention | D23: MACP | E23: In the first phase of engagement, IFC gathered market intel to help engage with private companies and increase awareness among various private sector businesses, including commercial banks, agribusiness companies, service industries, etc. During the second phase, the planned intervention will support existing and new entrepreneurs, commercial banks and non-banking financial institutions, and Business Development Services (BDS) to maximize the potential of businesses to create economic opportunities for host communities and refugees by adopting the conflict sensitivity and fragility lens. It will optimize the market intelligence developed during phase 1 and engage various stakeholders strategically. Additionally, the IFC will investigate possibilities of using the credit infrastructure across boundaries for refugees to access finance easily. During this second phase of the PROSPECTS Partnership Program, IFC will utilize $1.5 M from its first phase (unspent) budget for its engagement with private companies and Financial Institutions. In addition, IFC will take a strategic approach to engage and leverage opportunities with existing IFC investee companies to help them adopt the FDP lens. This will include applying tools developed by the FCS Africa team related to economic development and inclusion of the domestic private sector, as well as helping them to take a practical conflict-sensitive approach. | F23: Pillar 2: ECONOMIC INCLUSION | G23: IFC, ILO | M23: =SUM(H23:L23) -> 0 | N23: Nakivale, Isingiro, Terego, Madi-Okollo, Arua, etc. (any prospect districts) | O23: 2024-2027 | P23: Existing and potential private companies in target districts; Financial institutions; Agribusiness aggregator; Farmer groups; | Q23: Ministry of Finance; Industry and Cooperatives, District Local Governments of Nakivale, Isingiro, Terego, Madi-Okollo, and Arua districts. | R23: To be determined as per the need | S23: 2.3 Access to business development services, finance and market linkages | T23: Access to socio-economic opportunities
A24: 2.5 (b) | B24: IFC- Blended Finance Facility for Uganda | C24: Partner specific intervention | D24: MACP | E24: Leverage the Prospects blended finance instrument to help de-risk and increase the financial viability of high-impact investment projects in sectors benefiting FDPs and their host communities and increasing development impact and reach. Priority sectors: agribusiness, retail, fintech, manufacturing, financial, and business development services. | F24: Pillar 2: ECONOMIC INCLUSION | G24: IFC, ILO | L24: 4000000 | M24: 4000000 | N24: Nakivale, Isingiro, Terego, Madi-Okollo, Arua, etc. (any prospect districts) | O24: 2024-2027 | P24: Existing and potential private companies in target districts; Financial institutions; Agribusiness aggregator; Farmer groups; | R24: To be determined as per the need | S24: 2.3 Access to business development services, finance and market linkages | T24: Access to socio-economic opportunities
A25: 2.6 | B25: Improved capacity of partner institutions to promote and engage on rights at work for refugees, and Host communities | C25: Aligned intervention | D25: MACP | E25: In supporting the socio-economic inclusion of refugees and host communities, it is crucial to ensure that PROSPECTS implementing partners are aware of labour laws and protection of workers’ rights. This will include support to government in domesticating ILO convention 190. In Phase I, the ILO supported awareness raising sessions for implementing partners on labour laws through workshops and radio talk shows. This will continue in Phase II, targeting new implementation partners but also strengthen the capacity of district local governments to promote and enforce compliance to labour laws, labour inspection, and abitration of labour disputes that involves refugees and host communities. This activity will complement UNHCR and partners' advocacy efforts to promote accessible work permits and reduce associated costs for refugees. | F25: Pillar 2: ECONOMIC INCLUSION | G25: ILO, UNHCR | J25: 80000 | M25: =SUM(H25:L25) -> 80000 | N25: Kampala, Isingiro, Terego, Madi-Okollo and Arua | O25: 2024-2027 | P25: PROSPECTS Implementing partners, Media, and Officers handling the labour administration function in the targeted districts. | Q25: Ministry Gender Labour & Social; Development, Ministry of Justice (The Industrial Court;Office of the Prime Minister (OPM);District Local Governments of Isingiro; Terego, Madi-Okollo and Arua distrcts. | R25: NOTU, COFTU, FUE, Platform for Labour Action | S25: 2.1 Improved and inclusive labor market governance | T25: Access to rights
A26: 2.7 | B26: Awareness raised and capacity built among refugees and host communities on rights at work | C26: Aligned intervention | D26: MACP | E26: In phase I, PROSPECTS contributed to the Local Economic Development of PROSPECTS target districts by working to upgrade agriculture value chains through training farmers on better agronomic practices, creating economic opportunities for refugee and host communities through labour intensive works and work based learning including TVETS . In phase II, PROSPECTS will work with Government, employers and workers organisations to raise awareness on the rights at work for refugee and host community workers participating in Labour Intensive Public works, and apprenticeship programmes, and value chain interventions. ILO standards on occupational safety, and health provide essential tools to establish safe practices for providing maximum safety at work. Occupational Safety and Healh (OSH) as one of the fundamental rights at work will be mainstreamed in all PROSPECTS interventions, including agriculture, EIIP, apprenticeships and on-job skilling. | F26: Pillar 2: ECONOMIC INCLUSION | G26: ILO, UNHCR | J26: 80000 | M26: =SUM(H26:L26) -> 80000 | N26: Kampala, Isingiro, Terego, Madi-Okollo and Arua | O26: 2024-2027 | P26: PROSPECTS Implementing partners; Officers handling the labour administration function in the targeted districts; All beneficiaries targeted under EIIP; Agricultural value chains and skilling interventions. | Q26: Ministry Gender Labour, and Social Development. District Local Governments of Isingiro, Terego, Madi-Okollo and Arua distrcts. | R26: NOTU, COFTU, FUE, and other relevant implementing partners | S26: 2.1 Improved and inclusive labor market governance | T26: Access to rights
A27: 2.8 | B27: Enhancing value chain resilience, fostering market linkages, developing financial products to manage recurrent shocks, and strengthening financial skills of youth and women, in host and refugee communities | C27: Aligned intervention | D27: MACP | E27: To provide access to markets, enhance value chains, and provide financial inclusion in host and refugee communities by supporting implementation of selected PS actors and value chains under INVITE. INVITE will focus on establishing and strengthening links to financial services focusing on digitalization, development of products and methodologies that have built a significant loan portfolio client base in RHDs leading to an increase access of loans by refugees and host communities. INVITE will further complement the activities of the UCSATP in 2.10 below focusing on share cropping, provision of animal feed by youth, inputs seeds and agricultural extension services. When IFC’s program related to economic development and inclusion of the domestic private sector comes live, IFC will complement activities with other active partners. IFC's participation would help mobilize private investments for sustainable development projects, especially in manufacturing, agriculture, climate-resilient technologies, and market linkages. | F27: Pillar 2: ECONOMIC INCLUSION | G27: World Bank, UNCHR, IFC and ILO | K27: 1000000 | M27: =SUM(H27:L27) -> 1000000 | Q27: BoU, PSFU, OPM | S27: 2.3 Access to business development services, finance and market linkages | T27: Access to socio-economic opportunities
A28: 2.9 | B28: Building Resilience of Refugee Women Entrepreneurs in Uganda | C28: Aligned intervention | D28: MACP | E28: Reviewing the barriers/constraints refugee women entrepreneurs face, and the interplay between refugee women entrepreneurship and mental health [UNHCR]. Co-designing and testing a scalable intervention to address mental health issues and improve the well-being of refugee women entrepreneurs. Under this component, the World Bank, in collaboration with the Ministry of Gender, Labour, and Social Development (MGLSD), Office of the Prime Minister, District Local Governments (DLGs), and other partners such as UNHCR and The Carter Center (TCC), will use information generated under component 1 to co-design an intervention that target the needs of women refugee entrepreneurs under GROW and develop guidance on integrating mental health in livelihood and women entrepreneurship programming. WOrking together with WB and UNHCR, ILO will introduce its tools on promoting women’s entrepreneurship development to address barriers and unlock opportunities for women entrepreneurs by applying an evidence-based approach while drawing upon its unique mandate on creating a more enabling environment for women entrepreneurs by addressing some of the systemic constraints that women entrepreneurs encounter through collective action and offer gender-responsive services and to advocate for and amplify the voices of women entrepreneurs and facilitate the delivery of tailored training and transformative solutions responding to the specific needs and demands of women entrepreneurs using GET-Ahead, WEDGE, WED and SIYB tools. | F28: Pillar 2: ECONOMIC INCLUSION | G28: World Bank with UNHCR and ILO | I28: 70000 | K28: 1000000 | M28: =SUM(H28:L28) -> 1070000 | Q28: MoGLSD, PSFU, OPM | S28: 1.4 Internship, apprenticeship and entrepreneurship, employment opportunities | T28: Access to socio-economic opportunities
A29: 2.1 | B29: Building the resilience of Refugees and Host communities to Climate Change and declining Food Ration in Uganda through economic empowerment and capacity building | C29: Aligned intervention | D29: MACP | E29: Inform and support implementation of Uganda Climate Smart Transformation Project by enhancing the resilience of Refugees and host communities to climate change, declining food rations and price spikes through a combination of enhanced access to land, output markets, and agricultural extension services. The key interventions include: (i) Enhancing production of selected food crops through shared cropping and (ii) Provision of digital agricultural extension and market services; adoption of climate smart crop and management practices; support private sector role and young men and women to access agricultural wage employment by building to provide agricultural extension services including sustainable crop, livestock, and fisheries extension services to refugees and host community farmers. | F29: Pillar 2: ECONOMIC INCLUSION | G29: World Bank with UNCHR and ILO | K29: 1000000 | M29: =SUM(H29:L29) -> 1000000 | Q29: MAAIF, OPM | S29: 2.3 Access to business development services, finance and market linkages | T29: Access to socio-economic opportunities
A30: 2.11 | B30: Strengtening impact of WB projects, policy dialogue and CRRF coordination | C30: Collective intervention | D30: MACP | E30: Support the alignment of MACP activities with World Bank education activiites and national operations financed under the Window for Host Communities and Refugees (GROW, INVITE, CSATP). Provide policy dialogue support for CRRF Structures and the JLIRP and engagement with the CRRF Steering Group and CRRF DPG. Strengthen coordination of PROSPECTS employment generating activities and parntners with broader World Bank forced displacement engagement. | F30: Pillar 2: ECONOMIC INCLUSION | G30: World Bank with ILO, UNHCR, IFC | K30: 630000 | M30: =SUM(H30:L30) -> 630000 | N30: National and RHDs | O30: 2024-2027 | P30: All stakeholders | Q30: PSFU, BoU, MAAIF, OPM, MoGLSD | S30: 2.3 Access to business development services, finance and market linkages | T30: Access to socio-economic opportunities
A31: Pillar 3: PROTECTION AND SOCIAL PROTECTION | H31: =SUM(H32:H44) -> 4679401.4 | I31: =SUM(I32:I44) -> 4337000 | J31: =SUM(J32:J44) -> 300000 | K31: =SUM(K32:K44) -> 100000 | L31: =SUM(L32:L44) -> 0 | M31: =SUM(H31:L31) -> 9416401.4
A32: 3.1 | B32: Inclusion of CP, GBV and CBP refugee and host community priorities in National and Local Development Policies, Programmes and Planning | C32: Collective intervention | D32: MACP | E32: The collective intervention by UNHCR and UNICEF will: UNHCR will (i) facilitate MGLSD-led mapping and gap analysis of the legal, regulatory and policy environment relevant to CP/GBV/CBP. This will build on existing mapping and gap analysis, policy frameworks and consider UNICEF and UNHCR indicators; (ii) Support Government of Uganda on the inclusion of refugees in the national/local development plans; (iii) Support joint policy dissemination, dialogues and implementation. Uptake of key CP/GBV/CBP inclusion priorities in MGLSD frameworks, NDPIV, Governance and Security Programme, Administration of Justice Programme, the Human Capital Development Programme, District Development Plans and operational budgets; (iv) Support MGLSD, MPS and MoLG to strengthen service delivery standards and SSW functions, with implementation piloted in select refugee hosting locations by 2027; (v) Support District Local Governments to operationalize the National Child Policy (2020) and other key policies (Parenting Guidelines, National GBV Policy and Action plans) for more effective prevention and protection of children and adolescents against all forms of violence, exploitation, abuse, and neglect across all settings. UNICEF: Support the District Local Governments to operationalize the national Child Policy (2020) to strengthen the capacity of local government and protection structures for effective prevention and protection of children and adolescent against all forms of violence, exploitation, abuse, and neglect in all settings. | F32: Pillar 3: PROTECTION AND SOCIAL PROTECTION | G32: UNICEF, UNHCR | H32: 53396.27 | I32: 170000 | M32: =SUM(H32:L32) -> 223396.27 | N32: Settlements and urban (Kampala) | O32: 2024-2027 | P32: Refugees and Host Communities | Q32: MGLSD, MoLG, Justice Sector, MFPED, KCCA (Kampala) | R32: NL Gov, EU, USAID, etc | S32: 3.1 Sustained, inclusive and protective policy framework | T32: Access to rights
A33: 3.2 | B33: Inclusive Social Safeguards and Social Risk Management Protocols are Developed and Implemented | C33: Aligned intervention | D33: MACP | E33: The proposed intervention aims to develop technical guidance to align social safeguards and social risk management protocols (inclusive of PSEA/SH/VAC) customized for key sectors and functions, for roll out and testing in select refugee hosting locations linked with national programs financed by the WB, including alignment with grievance redress mechanisms, FRRM and other existing local accountability mechanisms. | F33: Pillar 3: PROTECTION AND SOCIAL PROTECTION | G33: World Bank,UNHCR, UNICEF | I33: 100000 | M33: =SUM(H33:L33) -> 100000 | N33: Settlements and urban (Kampala) | O33: 2024-2027 | P33: Refugees and Host Communities | Q33: MGLSD, MoLG, OPM/DRDIP | S33: 3.3 Safety from violence and exploitation, including GBV | T33: Access to rights
A34: 3.3 | B34: Strengthening of policies and implementation for third country opportunities | C34: Aligned intervention | D34: MACP | E34: The proposed intervention will enable UNHCR to: (i) Lead policy coordination on third country opportunities with all stakeholders through the Uganda Complementary Pathway contact group; (ii) Provide technical support and collaborate with partner(s) including Prospects partners to support refugee access to complementary pathways in urban and settlement areas; Capacity building of RLOs and DLGs to strengthen community based appraoches towards autonomous access to pathways. (iii) Maintain its protection role for Family Reunification, with regards to dissemination of criteria, supporting applications through assessments (Best Interests) and liaising with UNHCR country offices and legal representation for complex cases | F34: Pillar 3: PROTECTION AND SOCIAL PROTECTION | G34: UNHCR, ILO, UNICEF | I34: 650000 | M34: =SUM(H34:L34) -> 650000 | N34: Settlements and urban (Kampala) | O34: 2024-2027 | P34: Refugees and Host Communities | Q34: OPM, Ministry of internal affairs, Districts | R34: Finn Church Aid | S34: 3.1 Sustained, inclusive and protective policy framework
A35: 3.4 | B35: Generating Evidence to Inform Learning and Policy Advocacy | C35: Collective intervention | D35: MACP | E35: The proposed intervention will generate evidence and quality data analysis to inform protection policy advocacy, to demonstrate lessons learned from the Prospects partnership that can help the scaling of successful mechanisms, tools and processes and to produce communication and policy advocacy products. The intervention will enable engagement and participation of Refugees and Host Communities in Monitoring,Evaluation and Learning (MEL) sessions, Refugee Engagement forums both at National and Sub-national levels to enrich lessons learnt and inform policy prioritization | F35: Pillar 3: PROTECTION AND SOCIAL PROTECTION | G35: UNHCR,ILO,WB,UNICEF,IFC | I35: 100000 | K35: 100000 | M35: =SUM(H35:L35) -> 200000 | S35: 3.1 Sustained, inclusive and protective policy framework
A36: 3.5 | B36: Relevant national policies and strategies are strengthened to include social protection for refugees | C36: Collective intervention | D36: MACP | E36: Social protection plays a key role in in an individual’s life cycle, from early childhood, to supporting workers during life, and work transitions, and old age. UNICEF and ILO will aim to undertake an in-depth assessment of social protection policies, legislative framework, and strategies including the National Employment Strategy, the National Social Protection Strategy, the National Policy on Persons with Disabilities, and the National Micro Small Medium Enterprise and Entrepreneurship Strategy with the aim of promoting inclusion for refugees. The assessments will also focus on ascertaining the extent to which social protection policy frameworks have incorporated guiding principles under social security standards. In addition, the 2 partners will leverage opportunities to include refugees in social protection strategies that are currently under development (such as the National Social Protection Strategy and the National Strategy on Coverage Extension) as well as championing for the inclusion of refugees and social protection under NDPIV. Research and knowledge products on investment cases for adolescents; Programme Impact; Local Level Social Protection and Socio-economic Evolution; Programme Targeting and Social cohesion in Refugee Hosting Districts. (UNICEF) will be strengthened. This will build on a regional Great Lakes analytics the World Bank is undertaking reviewing the inclusion of forced displacement issues within national social protection policies and systems. | F36: Pillar 3: PROTECTION AND SOCIAL PROTECTION | G36: ILO, UNICEF, UNHCR, WB | H36: 134868.99 | J36: 150000 | M36: =SUM(H36:L36) -> 284868.99 | N36: Isingiro, Mbarara Terego, Madi Okollo, Arua and Kampala | O36: 2024-2027 | P36: Refugee and host communities in the program target areas. | Q36: Ministry of Gender, Labour, and Social Development (Expanding Social; Protection Programme); National Social Security Fund; Office of the Prime Minister; District local governments. | R36: Federation of Uganda Employers, National Organization for Trade Unions, COFTU, Parliamentary Forum on Social Protection. | S36: 3.1 Sustained, inclusive and protective policy framework | T36: Access to rights
A37: 3.6 | B37: Strengthening Birth Registration and Issuance of Certificates | C37: Collective intervention | D37: MACP | E37: The proposed intervention aims to strengthen birth registration for forcibly displaced and host community children. This includes supporting the Government to address systemic practical barriers to birth registration and issuance of birth certificates. UNHCR intervention supports government and UNICEF birth registration initiatives. UNHCR's will provide technical refugee protection advice to UNICEF, as well as advocacte for, coordination, and mobilization Communities regarding birth registration. Funding covers staff costs for supporting these efforts at the field or Kampala level based on targeted refugee settlements. UNICEF: Support NIRA to deliver birth registration services to children born to refugee parents and adolescents in host communities to facilitate their access to social and economic services (schools, TVET Centers, financial services, and Skilling Centers). | F37: Pillar 3: PROTECTION AND SOCIAL PROTECTION | G37: UNICEF, UNHCR | H37: 311834.22 | I37: 200000 | M37: =SUM(H37:L37) -> 511834.22 | N37: Settlements and urban (Kampala) | O37: 2024-2027 | Q37: NIRA | S37: 3.2 Strengthened asylum system and documentation | T37: Access to rights
A38: 3.7 | B38: Strengthen asylum system and civil registration institutions | C38: Aligned intervention | D38: MACP | E38: The proposed intervention will ensure timely continuous registration, documentation, and RSD processing of asylum applications. In addition, it will enhance fairness, efficiency, and integrity of the asylum process. It will also ensure evidence based reliable, credible, and consistent data on refugees and asylum seekers resulting in strengthened protection responses and programming. This will require an investment in the infrustructure and staffing capacities. Further, the intervention will improve access to electronic machine-readable Conventional Travel Document (CTDS) to all refugees through the roll out of an online CTD application platform. In light of the growing backlog of asylum application, UNHCR will work with the governement to adopt a differentiated RSD modality as a means to prevent the creation of RSD backlog and ensure that asylum application are handled in a timely and fair decisions. To enhance the process, we propose to conduct benchmark visits to jurisdictions that have successfully implemented differentiated RSD modalities. In addition, 05 Refugee Interviewing officers will be retained in 2025 to enhance RSD case management capacity. | F38: Pillar 3: PROTECTION AND SOCIAL PROTECTION | G38: UNHCR | I38: 1134000 | M38: =SUM(H38:L38) -> 1134000 | S38: 3.2 Strengthened asylum system and documentation
A39: 3.8 | B39: Strengthening Government ownership for CP / GBV through improved capacities, alignment and integration of local government and humanitarian systems | C39: Collective intervention | D39: MACP | E39: This joint intervention supports MGLSD and Kampala Capital City Authority (KCCA) in facilitating the transition of humanitarian CP/GBV service delivery governance to national and local authorities with CP/GBV mandates (standard setting, service delivery, monitoring, coordination, and oversight). and facilitate transition of humanitarian CP and GBV service delivery governance to national and local authorities. This includes capacity development for the Social Service Workforce to address violence and other child protection concerns; support to the Uganda Child Helpline and District and Sub-County multisectoral Child Well-being Committee (CWBC) coordination forums; co-creation and scaling up of Inclusive and Integrated Service Delivery Models; and alignment of refugee community-based mechanisms and structures with national systems and local structures. | F39: Pillar 3: PROTECTION AND SOCIAL PROTECTION | G39: UNICEF, UNHCR | H39: 615010.24 | I39: 455000 | M39: =SUM(H39:L39) -> 1070010.2 | Q39: MGLSD, MoLG, Justice Sector, District Local Gov | R39: UNDP, UN Women, UNFPA | S39: 3.3 Safety from violence and exploitation, including GBV | T39: Access to basic services
A40: 3.9 | B40: Localization CP GBV Systems | C40: Collective intervention | D40: MACP | E40: The proposed intervention aims to enhance access to quality multi-sectoral case management services and community-based mental health and psychosocial support (MHPSS) including Alternative Care to children and adolescents, inclusive of refugees, in the community and in the institutions (schools, TVET Centers, and Skilling Centers). This also includes systematic localization and scaling up of CP GBV Prevention, Risk Mitigation and Response (through community led Social and Behavior Change Communication, youth and adolescent led interventions, structured parent and caregiver interventions and other proven models) in select refugee hosting locations. | F40: Pillar 3: PROTECTION AND SOCIAL PROTECTION | G40: UNICEF (Gov Case Management); UNHCR (NonGov Case Management by Local SSW) | H40: 1359581.1 | I40: 800000 | M40: =SUM(H40:L40) -> 2159581 | Q40: MGLSD, MoLG, District Local Gov | S40: 3.3 Safety from violence and exploitation, including GBV | T40: Access to basic services
A41: 3.10 | B41: Streamlining and Harmonizing MIS | C41: Collective intervention | D41: MACP | E41: The proposed intervention aims to support ongoing MGLSD led processes to streamline and harmonize multiple MISs into one national Information Management System (MIS) for inclusive child protection administrative data across all settings, including institutions. This will be interoperable with other gov MIS systems (health, education, NIRA) and will inform Gov and non-Gov social service workforce case management, service delivery and policy decisions. Covers UNHCR staff participation in government-led workshops and provision of inputs. Support the roll-out, initial maintenance and capacity building of the National Single Registry for Social Protection in Uganda in 4 Refugee Hosting Districts. | F41: Pillar 3: PROTECTION AND SOCIAL PROTECTION | G41: UNICEF, UNHCR | H41: 666898.06 | I41: 20000 | M41: =SUM(H41:L41) -> 686898.06 | Q41: MGLSD, MoLG, District Local Gov | R41: USAID | S41: 3.2 Strengthened asylum system and documentation
A42: 3.11 | B42: Mandate Refugee Status Determination procedures | C42: Aligned intervention | D42: MACP | E42: The proposed intervention will ensure protection and assistance to the LGBTIQ+ asylum seekers noting that the government has suspended the admission, registration and Refugee Status Determination of asylum seekers who present sexual orientation claims. It will also ensure protection of other cases that have been rejected on second instance and are in continued need of international protection. | F42: Pillar 3: PROTECTION AND SOCIAL PROTECTION | G42: UNHCR | I42: 200000 | M42: =SUM(H42:L42) -> 200000 | N42: Settlements and urban (Kampala) | O42: 2024-2025 | P42: Asylum Seekers | S42: 3.2 Strengthened asylum system and documentation | T42: Access to rights
A43: 3.12 | B43: Complementary CP Services including Best Interests Procedures (BIA and BID) | C43: Aligned intervention | D43: MACP | E43: Complementary child protection services will continue to be delivered in 3 settlements to ensure protection from abuse and neglect etc. which is a precondition to learning, earning, self-reliance. It will also be a control group to measure the effectiveness of the new ways of working versus 'old way of working'. The proposed intervention will support complementary partner-delivered CP services utilizing best interests procedures (BIP) for best interest determinations (BID) in 04 refugee hosting locations, as well as during registration and refugee status determination procedures. To the extent practicable, this intervention will serve as a"control group" to measure cost effectiveness of the inclusive model and case mgmt localization. | F43: Pillar 3: PROTECTION AND SOCIAL PROTECTION | G43: UNHCR | I43: 508000 | M43: =SUM(H43:L43) -> 508000 | R43: INGO's/SSW | S43: 3.3 Safety from violence and exploitation, including GBV | T43: Access to basic services
A44: 3.13 | B44: Increased coverage of refugees and HCs into national social protection schemes | C44: Collective intervention | D44: MACP | E44: UNICEF and ILO, in Phase Two, will focus on supporting poor and vulnerable refugees and their host communities access critical social protection interventions relevant to their circumstances. This component will also focus on ensuring that social protection systems are well adapted and part of integrated policy responses, based on all stakeholder involvement, in order to guarantee adequate levels of protection needed by vulnerable refugee and host communities beyond the target districts Social security coverage remains low and effectively limited to civil servants, and some formally employed private sector workers. However, for social insurance, the recent amendment to the National Social Security Fund (Amendment) Act 2021, now presents an opportunity for more people to be covered under NSSF. Additionally, this amendment further extends its provisions to encompass refugees to engage in voluntary savings via the NSSF if they so desire. Therefore, in Phase 2 the ILO working closely with the Ministry of Gender, Labour and Social Development and NSSF will support the drive towards coverage of refugees and HCs under NSSF. This support will include system strengthening to facilitate the onboarding of new savers including refugees in NSSF. Additionally, ILO will engage with NSSF to drive robust information sharing and awareness raising on NSSF services in the refugee and host communities. UNHCR will lead in Advocayadvocacy and Coordination for refugee inclusion in the national Socail protection schemes and PROSPECTS partners will leaverage UNHCR comparative advantage to advance refugee inclusion and strengthen thematic cordination,advocacy for refugee inclusion in national social protection schemes. Led by UNICEF, poor and vulnerable refugee and host community adolescents enrolled in learning and skilling initiatives will be supported with timed cash transfers and complimentary protection and health services to reduce the burden of retention, to facilitate their income earning capacity – targeting those at risk of dropout from skilling or learning activities. | F44: Pillar 3: PROTECTION AND SOCIAL PROTECTION | G44: ILO, UNICEF, UNHCR | H44: 1537812.6 | J44: 150000 | M44: =SUM(H44:L44) -> 1687812.6 | O44: Isingiro, Mbarara Terego, Madi Okollo, Arua and Kampala | P44: Refugee and host communities in the program target areas. | Q44: Ministry of Gender, Labour, and Social Development (Expanding Social; Protection Programme); National Social Security Fund; Office of the Prime Minister; District local governments. | R44: Federation of Uganda Employers, National Organization for Trade Unions, COFTU, Association of Workers in the informal economy, FSME, Uganda Small Scale Industries Association, UWEAL. | S44: 3.4 Extended coverage of social protection systems | T44: Access to basic services
A45: Pillar 4: CRITICAL INFRASTRUCTURE | H45: =SUM(H46:H55) -> 2833673.5 | I45: =SUM(I46:I55) -> 1416000 | J45: =SUM(J46:J55) -> 200000 | K45: =SUM(K46:K55) -> 1290000 | L45: =SUM(L46:L55) -> 0 | M45: =SUM(H45:L45) -> 5739673.5
A46: 4.1 | B46: eDirectory and eReferral Pathways | C46: Aligned intervention | D46: MACP | E46: Under DRDIP, GBV/VAC champions were identified and oriented on risk mitigation and prevention response. Six thousand IEC materials were developed and translated into four languages. Furthermore, DRDIP SIST, DIST, and community structures were trained on GBV/VAC/SEA and SH. GBV & VAC champions/GRCs continue supporting the handling and referral of GBV & VAC cases across the project area. Safe spaces in institutions like schools and health centers were established to promote counseling services for survivors and perpetrators. The proposed intervention will create an eDirectory of multisectoral services relevant to GBV VAC prevention, risk mitigation, response as well as virtual services across the humanitarian-development nexus in refugee hosting districts. Hosted on Gov platforms and embedded in Gov databases, the eDirectory will have real time updating capability, multilingual and quality control functionality and be widely available to the public. - Hire a local consultant to build on World Bank mapping exercise and propose eDirectory and eReferral system to be piloted in Kampala and scaled up across refugee hosting districts. HQ to provide technical advisory support and leverage private sector support. - Prototype design, implementation of eDirectory and eReferral Pathways, action plan to be endorsed by Gov for scaling up. HQ to support exploring potential for 2024 pro bono support and continued 2025 investments (technical and financial) from private sector in collaboration with DLA Piper. | F46: Pillar 4: CRITICAL INFRASTRUCTURE | G46: UNHCR, World Bank | I46: 100000 | M46: =SUM(H46:L46) -> 100000 | O46: 2024-2027 | Q46: MGLSD, MoLG, DLGs | S46: 4. Leveraging critical infrastructure | T46: Access to basic services
A47: 4.2 | B47: Government and private sector actors supported to establish and extend irrigation systems for farmers engaged in agricultural value chains | C47: Collective intervention | D47: MACP | E47: Rehabilitation/upgrade water supply systems with a focus on climate smart technologies (solar pumping) to serve both HCs and FPDs in target districts. To ensure sustainable use of ground water, the upgraded systems will be installed with ground monitoring remote sensors and promotion of conservation of catchments areas by local communities will be included. | F47: Pillar 4: CRITICAL INFRASTRUCTURE | G47: ILO, UNHCR and UNICEF | H47: 480566.44 | J47: 200000 | M47: =SUM(H47:L47) -> 680566.44 | N47: Madi-Okollo,Terego,Isingiro | O47: 2024-2027 | P47: Farmer groups from refugee and host communities | Q47: Ministry of Water and Environment, Ministry of Agriculture, Local Government in the target districts, Office of the Prime Minister | R47: Ripple Effect, Private sector, Financial service providers | S47: 4. Leveraging critical infrastructure | T47: Access to socio-economic opportunities
A48: 4.3 | B48: Community Centers phase II | C48: Aligned intervention | D48: MACP | E48: The Proposed intervention will take on PROSPECTS 1.) Phase 1 (OF) of the Community Centers to conduct phase 2. The community centers are Multi purpose including histing Peacefull coexistance interventios, MHPSS interventions, Youth Empowerment | F48: Pillar 4: CRITICAL INFRASTRUCTURE | G48: UNHCR, ILO | I48: 600000 | M48: =SUM(H48:L48) -> 600000 | N48: Refugees and HC | O48: 2024 | P48: Refugees and Host community | Q48: OPM | R48: RLO's, TPO | S48: 4. Leveraging critical infrastructure | T48: Access to socio-economic opportunities
A49: 4.4 | B49: Rehabilitation/upgrade of schools and non-formal education centers including WASH facilities and Establishment of ICT labs in schools | C49: Collective intervention | D49: MACP | E49: In Phase 1, UNHCR established ICT labs in 9 secondary schools while UNICEF supported public schools that were supporting both HC and FDPs with WASH infrastructure. This support will continue in Phase 2 by targeting institutions (schools and learning centres) where WASH facilities are inadequate. UNICEF will construct new and/or rehabilitate/upgrade existing WASH facilities (water, sanitation, and handwashing) to ensure they meet minimum government standards that in turn will lead to improved attendance and retention by students, especially amongst girl students, in learning institutions. Rehabilitation of five existing NFE Youth Skills Centers in partnership with district authorities and OPM, and support their functionality to ensure skilling and leanring-to-earning of 6,000 refugee and HC out-of-school adolescents and youth. In terms of the design of youth centers, UNICEF will ensure the multi-purpose use of these locations to flexibly serve the intended objectives of these facilities primarily as ‘Skilling Hubs’ that target mainly young people who are not in training, education or employment. Depending on the size and detailed specs of the location, the facility will include a space for conducting trainings, another space for meetings and casual discussions and another space for individual work. UNICEF will renovate the selected facilities and equip with relevant furniture items and ICT equipment to ensure the platform is used to its maximum potential. Youth centers are aimed to be a vivid hub that connects adolescents in the surrounding area to build their skills and prepare for life and work. The centers will also offer young people a well-protected environment that is conducive to their socio-emotional development. UNHCR will support the upgarde of dilapidate education infarstructure and improve facilities in existing goverenment schools or Community schools (established by Humaniterian actors) in preperation of these institutions for coding and goverenment grant aiding. | F49: Pillar 4: CRITICAL INFRASTRUCTURE | G49: UNHCR, UNICEF | H49: 1161368.9 | I49: 300000 | M49: =SUM(H49:L49) -> 1461368.9 | O49: 2024 | S49: 4. Leveraging critical infrastructure
A50: 4.5 | B50: Government engaged to extend digital infrastructure to enhance access to digital connectivity services, for refugee and host communities | C50: Collective intervention | D50: MACP | E50: In 2019, NITA-U launched the Uganda Digital Acceleration Project-GovNet (UDAP-GovNet), with the objectives: expanding access to high-speed internet in selected areas; improving efficiency of digital service delivery in selected public sectors; and strengthening the digital inclusion of selected host communities and refugees. In Phase 1, ILO commissioned a feasiblity assessment on opportunities for refugee and host community youth in the digital economy, which found that access to technology and internet for refugees and host community youth is limited, yet would increase their access to digital skills and job opportunities, including in the gig economy. In Phase 2, ILO will work with NITA-U to extend internet connectivity, particularly for the 4 job centers and 6 community centers that were established by ILO and UNHCR PROSPECTS in Phase 1, aimed at strengthening the inclusion of refugee and host community youth of in the digital economy. | F50: Pillar 4: CRITICAL INFRASTRUCTURE | G50: ILO, UNHCR | M50: =SUM(H50:L50) -> 0 | N50: Kampala, Isingiro, Terego, Madi-Okollo and Arua distrcts. | O50: 2024-2027 | P50: District Local Governments, NGOs, Refugee and host communities in the program target areas | Q50: MoICT-NG, NITA-U, MInistry of Gender, Labour and Social Development District Local Governments of Isingiro, Terego, Madi-Okollo and Arua distrcts, | R50: FUE, NOTU | S50: 4. Leveraging critical infrastructure | T50: Access to basic services
A51: 4.6 | B51: Long term sustained water services for refugee settlements and host communities in Uganda | C51: Collective intervention | D51: MACP | E51: WB will lead a review of the experiences from the limited number of water system transfers undertaken so far (to NWSC and Umbrellas), to gather lessons and develop an updated overall system transfer policy and procedure. Further, detailed work to develop specific policy and transfer actions, together with specific required investment package will be undertaken for each identified water system. It is envisaged that the water systems will be identified, prioritized, and grouped into suitable batches. Support the establishment and operationalization of a database of inventory of assets and performance of all water systems in refugees’ and hosting communities’ districts to support asset management and service provision and sustainability oversight by the GoU. Where water infrastructure serving HCs and FDPs in target areas does not qualify to be transferred to either NWSC or Umbrella organizations, these will come under the responsibility of district local government to manage. UNICEF will support districts to improve their role in the Operation and Maintenance (O&M) of rural water infrastructure using the revised O&M framework (CBMS+). This will include establishing professional management structures at community, sub-county, and district level. Area Service Providers (ASP) will contracted by the District Water and Sanitation Board (DWSSB) to provide O&M services supporting both HCs and FDPs. | F51: Pillar 4: CRITICAL INFRASTRUCTURE | G51: World Bank, UNICEF and UNHCR | H51: 280330.42 | K51: 650000 | M51: =SUM(H51:L51) -> 930330.42 | N51: Isingiro, Terego, Madi-Okollo | O51: 2024-2027 | P51: District Local Governments | Q51: MoWE, District Local Governments of Isingiro, Madi Okollo and Terego | S51: 4. Leveraging critical infrastructure
A52: 4.7 | B52: Rehabilitation and construction (including electrification) of Registration Facilities in Kampala, Imvepi, Rhino and Nakivale | C52: Aligned intervention | D52: MACP | E52: The proposed intervention will seek to expand access to protection services, including registration and RSD by creating additional centers in far away locations in these settlements and in Kampala. Notable, refugees walk up to 21 kilometers in some locations to access services which, in part, has contributed to practices such as trade-offs - sacrificing meagre resources to obtain services. The proposed intervention will, to the extent possible, mitigate incidences of fraud and enhance protection through real-time access to services in registration and RSD. | F52: Pillar 4: CRITICAL INFRASTRUCTURE | G52: UNHCR | I52: 416000 | M52: =SUM(H52:L52) -> 416000 | N52: Kampala, Imvepi, Rhino and Nakivale. | O52: 2024 | P52: FDP's | Q52: OPM | S52: 4. Leveraging critical infrastructure
A53: 4.8 | B53: Strengtening impact of WB projects, policy dialogue and CRRF coordination | C53: Aligned intervention | D53: MACP | E53: Support the alignment of MACP activities with World Bank infrastructure activiites and national operations financed under the Window for Host Communities and Refugees (IWMPD, UDAP, USMID, DRDIP, EASP, Roads & Bridges). Provide policy dialogue support for CRRF Structures and the SERP and engagement with the CRRF Steering Group and CRRF DPG. Strengthen coordination of PROSPECTS infrastructure activities with broader World Bank forced displacement engagement. | F53: Pillar 2: ECONOMIC INCLUSION | G53: World Bank with UNHCR | K53: 640000 | M53: =SUM(H53:L53) -> 640000 | N53: National and RHDs | O53: 2024-2027 | P53: All stakeholders | Q53: NITA-U, UNRA, MoWE, MoGLSD, OPM, MoICT, MoLHUD, MEMD, UECCC | S53: 2.3 Access to business development services, finance and market linkages | T53: Access to socio-economic opportunities
A54: 4.9 | B54: Implement Market Based Sanitation approach and Hygiene Promoition campaigns in target districts to support both host communities and FDPs | C54: Aligned intervention | D54: MACP | E54: Through market-based sanitation approach, stimulate private sector involvement in the sanitation services that will result in greater demand for and therefore improvement in the coverage of basic sanitation in HCs and FDPs. For the HCs and FDPs targeted with the MBS activities, hygiene promotion campaigns will be conducted in line with the Ministry of Water and Environment’s national Handwashing Strategy. | F54: Pillar 4: CRITICAL INFRASTRUCTURE | G54: UNICEF | H54: 871360.39 | M54: =SUM(H54:L54) -> 871360.39 | N54: Isingiro, Terego, Madi-Okollo | O54: 2024-2027 | P54: DLGs, HCs, FDPs | Q54: MoH, DLGs of Isingiro, Terego and Madi Okollo | S54: 1.3 Job-specific and vocational skills
A55: 4.1 | B55: Roll out of integrated WASH Management Information System in targte disitrcts of Isingiro, Terego and Madi Okollo | C55: Aligned intervention | D55: MACP | E55: Uganda has committed to the SDGs to achieve, by 2030, access to water and sanitation for all. To strengthen the country’s drive towards this goal, focused attention should be given to planning, monitoring and evaluation of the SDG indicators. UNICEF is supporting the Ministry of Water and Environment, Ministry of Health and Ministry of Education and Sports to set up robust web-based real time monitoring, evaluation, and reporting system to improve capturing of data on WASH improvement processes and analyzing this data to generate timely reports for decision-making. The integrated WASH MIS will be rolled out in PROSPECTS target refugee hosting districts, to ensure data is captured for both the HC and FDP population, which will contribute to FDP integration into national WASH systems. | F55: Pillar 4: CRITICAL INFRASTRUCTURE | G55: UNICEF | H55: 40047.35 | M55: =SUM(H55:L55) -> 40047.35 | N55: Isingiro, Terego, Madi-Okollo | O55: 2024-2027 | P55: DLGs, HCs, FDPs | Q55: MoEW, MoH, MoES, DLGs of Isingiro, Terego and Madi Okollo | S55: 4. Leveraging critical infrastructure
A56: New Intervention (4.11) | B56: Consolidate and Automate the PROSPECTS Monitoring, Evaluation, Learning and Reporting Systems, Tools, and Processes | C56: Collective intervention | D56: MACP | E56: In Phase 1, the PROSPECTS CT learned that the Manual MEL system hindered our ability to generate accurate, timely, consistent, complete, and unique data (without double counting). This limitation prevented the team from conducting meaningful analyses to support real- time decision-making, thereby impacting the quality of PROSPECTS decisions and project outcomes. Additionally, the manual system was time-consuming and often produced shallow and sometimes contradictory information. During the MEL session in September 2024, the CT proposed consolidating and automating the PROSPECTS MEL systems, tools, and processes to enhance data accuracy, timeliness, consistency, completeness, and uniqueness. This would facilitate better data interpretation and enable data-driven, quick, evidence-based decisions. The country team would pilot the automated system in Uganda, and if this works out very well, the plan is to replicate and adapt the system for all the 8 countries. Against this backdrop, the country team, with the leadership of ILO Uganda, proposes the following activities: • Consolidate PROSPECTS project monitoring, evaluation, learning, and reporting tools, systems, and processes. • Recruit and deploy a PROSPECTS project CT monitoring and evaluation consultancy firm to automate the agreed monitoring, reporting, evaluation, and learning systems, tools, and processes. • Deploy and train UN PROSPECTS Partners on using the automated M&E system. • Conduct capacity-building training for grassroots implementing partners on using the monitoring, evaluation, learning, and reporting systems. • Engage the consultancy firm to provide onboarding support to UN Partners and grassroots implementing partners on the use of the M&E system. | F56: CROSS-CUTTING ACTIVITY | G56: ILO,UNICEF,UNHCR,IFC & WORLD BANK | M56: =SUM(H56:L56) -> 0 | N56: All areas covered by the Uganda Country team with a possibility of rolling out the system to other 7 countries after a successful pilot | O56: 2025-2027 | P56: UN Partners (ILO, UNICEF, UNHCR, IFC, and Word Bank), PROSPECTS grassroot Implementating Partners. | Q56: Ministry of Gender, Labour, Social Development, Ministry of Education and Sports, Office of the Prime Minister, and the Ministry of Agriculture, Animal and Fisheries, Uganda Hotel and Tourism Training Institute, National Council for Higher Education, Directorate of Industrial Training | T56: The Automated MEL system will consistently, and accurately collect, analyse, visualise, and report on the performance of the PROSPECTS Project in real-time. It will track both quantitative and qualitative metrics against key performance indicators and collectively store, and retrieve contributions to the PROSPECTS Theory of Change.
H57: =SUM(H2,H18,H31,H45) -> 14038319 | I57: =SUM(I2,I18,I31,I45) -> 10095662 | J57: =SUM(J2,J18,J31,J45) -> 13360174 | K57: =SUM(K2,K18,K31,K45) -> 7000000 | L57: =SUM(L2,L18,L31,L45) -> 4000000 | M57: =SUM(M2,M18,M31,M45) -> 48494155
A60: Total MACP activity costs USD | D60: Total OF activity costs USD
A61: Organization | B61: Total (2024-2027) | D61: Organization | E61: Total (2024-2027)
A62: UNHCR | B62: =I57 -> 10095662 | D62: UNHCR | E62: 0
A63: UNICEF | B63: =H57 -> 14038319 | D63: UNICEF | E63: 0
A64: ILO | B64: =J57 -> 13360174 | D64: ILO | E64: 0
A65: World Bank | B65: =K57 -> 7000000 | D65: World Bank | E65: 0
A66: IFC | B66: =L57 -> 4000000 | D66: IFC | E66: 0
A67: Total | B67: =SUM(B62:B66) -> 48494155 | D67: Total | E67: =SUM(E62:E66) -> 0

Sheet Tab 3  Revised Policy Matrix
A2: Policy Priorities (only areas that relate to the work of more than one PROSPECTS agency) | B2: Key challenges and barriers to implementation corresponding policy priorities | C2: Key milestones (By 2027, PROSPECTS programme will contribute to achieving the below milestones) | D2: Key stakeholders | E2: Support through programming
A3: The proposed National Refugee Policy (NRP) addresses key issues of service integration, self reliance and livelihoods, among others, and maintains a progressive open-door policy to refugees. | B3: *Uganda does not have a unified policy on refugee administration despite having one of the most liberal legal regimes for the international protection of refugees under the Refugees Act (2006) and the Refugees Regulations (2010) implemented through various approaches and initiatives, *The Country is formulating a national refugee policy (NRP) against a backdrop of unprecedented increases in the number of refugees, challenges of “stretched country refugee-accommodating capacity,” and government questioning the “sustainability of the refugee self-reliance model,” posing a potential threat of the NRP shrinking the progressive refugee regime in the country. *The draft NRP offers limited forward-looking responses to the emerging complex problems of self reliance, urban refugees, service integration, local integration and complementary pathways. For complementyary pathways and through a strengthening linkages betwen education, livelihood and self-reliance, complementary pathways will foster further resilience, human capital development, and further Uganda as a leader in refugee-inclusive development at the global level. | C3: *2024: Partners review and share technical analysis and proposals for draft policy improvement in respective areas (ILO, UNHCR, IFC, WB, UNICEF) *2024: Partners review briefs and provide joint commentary to GoU on the issues of self-reliance, service integration, livelihoods and durable solutions to GoU (UNHCR,UNICEF, WB, IFC, ILO) *2025: Partners utilize commentary for sustained dialogue with GoU individually and/or jointly) (UNHCR,UNICEF, WB, IFC, ILO) *2027: Partners document progress and revise commentary script *2027: Partners use revised commentary for sustained dialogue with GoU individually and/or jointly) (UNHCR,UNICEF, WB, IFC, ILO) *2027: Policy enacted, printed and disseminated (UNHCR, WB, IFC, ILO, NL MFA – in cooperation with other donors etc.) | D3: Government: OPM, MoLG, MinFin, OP, Cabinet, Parliament UN & IFIs: UNHCR, WB, IFC, ILO,UNICEF WHO, UNFPA, UNDP and other DPs Coordination Fora- National Partnership Forum , LGDPF | E3: Policy analysis (technical and political) to inform joint advocacy; (UNHCR, ILO, UNICEF, World Bank & IFC) Policy dialogue regarding issues of self reliance, urban refugees, service integration, local integration and complementary pathways among others (UNHCR, WB, IFC, ILO) Technical policy formulation support to GoU to strengthen areas of concern including implementation plans (UNHCR, ILO, UNICEF, World Bank & IFC)
A4: Inclusion of critical areas of refugee protection, Social Protection and self- reliance (such as asylum, digital identity management and documentation capacity, jobs and livelihoods, social protection, education, and related matters) in national and local development plans and programmes. | B4: *Critical areas for refugee protection and self-reliance (such as asylum, digital identity management and documentation capacity, jobs and livelihoods, social protection, education, and related matters are not integrated or addressed in national development plans and programmes or dedicated refugee sector response plans. *Government led systems (child protection, GBV, social protection, and justice) do not consistently serve refugees and asylum seekers. *While the GoU and local civil society organizations are dedicated to making child protection and GBV services universally accessible, constrained human and financial resources within the national system have hampered its capacity to extend protection services to refugees. *Work permits for refugees cannot be stamped on refugee identity documents, but need to be stamped on refugee Convention Travel Documents (CTDs). This policy requirement affects the right to work for refugees who do not hold CTDs, which are themselves not easily acquired by refugees due to the application fees for a CTD (220,000 UGX equivalent 62 USD). | C4: *2024 – Dialogue and engagement with National Planning Authority and relevant programmes to include critical areas for refugee self reliance and protection in the draft NDP IV and relevant Programme Implementation Action Plans (PIAPs) (ILO, UNICEF, WB, UNHCR, NL MFA and other donors). *2024 - Review of the National Strategy on Coverage Extension to the Informal Economy to Include Refugees and HC and Costing of the National Strategy on Coverage Extension (ILO, UNICEF, UNHCR, WB) *2025- rollout of the National Strategy on Coverage Extension to the Informal Economy (ILO, UNICEF, WB) *2024 - Transition Strategy for health, education and water services from humanitarian into national systems is developed (UNICEF, UNHCR, WB) *2025- key CP GBV CBP inclusion priorities in MGLSD frameworks, NDPIV, Governance and Security Programme, Administration of Justice Programme, the Human Capital Development Programme, District Development Plans and operational budgets (UNICEF, UNHCR, WB) *2025- Service Integration Strategy for protection services is developed (UNHCR, UNICEF, ILO, WB) *2025 – High level policy discussions for action on the Transition Strategy. (UNHCR, WB, UNICEF) *2027- NDP IV, selected PIAPs and DDPs tracking and reporting progress relating to inclusion of FDPs. * 2025 The national social protection strategy operationalized. * 2025 Guidance note developed and implemented. *2025 Refugee Status Determination (RSD) Guidelines Operationalized. | D4: -Government: NPA and relevant programs – Human Capital Development committee UN & IFIs: UNHCR,UNICEF, IFC, ILO, WB Livelihood and Resilience sector working group _x000B_- implementing and operating partners | E4: Technical, financial, and logistical support to the National Planning Authority to mainstream critical areas for refugee protection and self-reliance in Uganda’s NDP IV (ILO, Capacity building of NDPIV programme working groups (HCD among others) aimed at enhancing the capacities to systematically integrate and mainstream critical areas for refugee protection and self-reliance in the development and budgeting processes of the Program Implementation Action Plans (PIAPs) and Strategic Plans (ILO, UNICEF) Technical and Financial support to the MGLSD to support the operationalization of the various social protection policy frameworks (ILO, UNICEF, WB) Technical, financial and logistical support to KCCA, MoGLSD and OPM to address barriers to inclusion of refugees into GBV/CP service delivery systems(UNHCR, WB, UNICEF) Joint policy dialogues for uptake of key CP GBV CBP inclusion priorities in MGLSD frameworks, NDPIV, Governance and Security Programme, Administration of Justice Programme, the Human Capital Development Programme, District Development Plans and operational budgets (UNICEF, UNHCR, WB) Policy level discussions to popularize the transition strategy for health, education and water services (UNICEF, UNHCR, WB) Technical guidance to improve the protection sensitivity of social safeguards and risk mitigation protocols (WB, UNHCR, UNICEF)
A5: Inclusion in the national education and training system | B5: - The implementation of the Education Response Plan II (ERP II) requires investment and commitment by the Government of Uganda and key development actors to achieve its stipulated outcomes and results. - Challenges faced by the MoES in rolling out the Education Management Information System (EMIS) persist with delays in securing the GPE funding, which is expected to bridge this gap. - Despite the approval of the Education Digital Agenda Strategy by the Minister of Education and Sports, implemenation of key interventions will require technical and financial support. - The Technical and Vocational Education and Training (TVET) Policy was developed in 2019, and it provides for 1) a review of the TVET Act and other related laws; 2) the establishment of the TVET council; and 3) the operationalisation of the Skills Development Fund. However, some of these aspects of the policy require a legal framework (Act of Parliament) to guide its implementation. - Refugees are challenge with costs and procedures of issue of certificate conversion/equation especially for refugees from non English speaking countries | C5: Milestones related to the implementation of ERP II and broader scope it brings for integration of refugees in the mainstream education system EMIS 2026: EMIS is functioning with refugee data included 2027. EMIS includes a majority of refugee schools in the system Digital Agenda Strategy 2024: Digital Agenda Strategy launched by the Minister of Education and Sports and planning for implementation is initiated and includes a focus on host and refugee children and adolescents 2025: Costed roadmap for the implementation of the Digital Agenda Strategy developed with digital learning and skilling for refugees included. 2026: Costed roadmap implemented with digital learning and skilling for refugees included. TVET Policy 2025: TVET Council established for the operationalisation of the Skills Development Fund 2026: Skills Development Fund operationalised and also benefitted refugees by ensuring that it has regulations that includes and provides needs-based skills for refugees. 2027: TVET Act is adopted and includes provisions for refugee skilling 2026: Development of a national qualification framework that supports equating of refugee qualification Other 2025: PROSPECTS analytics finalsed that will directly support implementation of ERP2 through WB financed operations - USEEP, UgIFT and ULEARN. 2027: Infrastructure and HR RSD / registration shortcomings addresssed and sustainability strategy developed by 2027. | D5: Government: MoES, MoGLSD and OPM Development agencies: UNICEF, UNHCR, ILO, Save the Children, GPE in addition to other actors | E5: - UNHCR and UNICEF to support the implementation of ERP II interventions and ensure learning and skilling opportunities are provided to the most marginalized children and youth from refugees and host communities - UNICEF and ILO to support the operationlization of the Digital Agenda Strategy by supporting the development and implementation of a costed roadmap, with focus on building refugees' and host communities' digital competencies needed for life, active citizenship and decent work. - UNICEF, WB and ILO to mobilize private sector partners to invest in the improvemenet of digital infrastructure in line with the Digital Agenda Strategy. - ILO to facilitate engagement meetings of the relevant stakeholders (MoGLSD &MoES) to input into the processes that lead to the legal framework to guide the implementation of the TVET policy. ILO will also build capacity of the stakeholders to meaningfully engage in these processes through training programmes on TVET policy implementation - WB and UNICEF to ensure implementation of ERP II priorities by supporting the effectiveness of national education programs integrating refugees including: DRDIP, USEEP, UgIFT and ULEARN
A6: Roll out of the Jobs and Livelihood Integrated Response Plan (JILRP) (2020/21-2024/25) | B6: *JLIRP is a stand-alone plan which is not anchored on national development plan and is not part of the sector plans of the Ministries, Departments, and Agencies (MDAs) which are the traditional government funding mechanisms. *There is no funding attached to the plan by the Ministry of Gender Labour and Social Development (MGLSD) or other MDAs to support its implementation. *Delayed implementation of the JLIRP *limited capacity of MGLSD both financially, and in terms of human resources to convene and coordinate the implementation of all the pillars with the MDAs and LDGs *Insufficient collaboration/ coordination among the partners leading to duplication and ineffective programs. | C6: *2024/25 –refugee hosting districts integrate the JLIRP into their development plan and budget to facilitate refugee access to technical services and key factors of production such as farmland and capital in line with the CRRF agenda (UNHCR, ILO, UNICEF, WB) *2024 – the capacity of the JLIRP secretariat is strengthened for coordination, alignment and harmonization of interventions and approaches (UNHCR,ILO, WB) *2025-Through dialogue and advocacy with OPM/Immigration, administrative barriers to the issue of work permits for refugees resolved (UNHCR, ILO) . *2025 - Strengthen district coordination and engagement with refugee leadership structures (UNHCR, ILO, UNICEF) *2025 - Operationalization of the private sector engagement strategy to complement the JLIRP in income and employment generation for self-reliance (WB, IFC, UNHCR, ILO, UNICEF). *2025 – comprehensive review to evaluate the JLIRP five-year implementation and performance. Based on this assessment, recommendations for extending the plan in line with NDPIV will be provided (UNHCR, ILO, NL) | D6: - Government: MGLSD, OPM, MoLG, MoE, MAAIF, MoH,_x000B_ - UNHCR, ILO, WB -Livelihood and Resilience sector working group | E6: Technical and financial support to refugee hosting districts to undertake an integration process of the JLIRP into their DDP and budget Capacity building workshop for refugee hosting districts on policy integration process with MGLSD and NPA Capacity building of the JLIRP Secretariat by supporting the placement of program officers for technical support and coordination Advocacy for Government departments and donors, particularly development donors, to provide the resources for the JLIRP.

Sheet Tab3b Policy Progress
A1: POLICY INFORMATION | F1: ASESSMENT | M1: CONTRIBUTION TO POLICY DEVELOPMENT | U1: Country Team Feedback on Policy Priorities | V1: Country Team Feedback on Milestones
A2: PILLAR | B2: RIGHT | C2: POLICY PRIORITIES (UNICEF Led) | D2: POLICY MILESTONES | E2: Link to Results Framework indicators | F2: Assessment (2024) | G2: Assessment (2025) | H2: Asessesment (2026) | I2: Asessesment (2027) | J2: Description of relevant contribution made | K2: Sources of Verification | L2: Phase II progress | M2: 1. Needs and evidence | N2: 2. Commitments | O2: 3. Policy adoption/prevention | P2: 4. Resourcing | Q2: 5. Implementation | R2: 6. Coverage and use | S2: 7. Monitoring and Evaluation | U2: Indicate below 1) whether the policy priority is UNICEF lead (Yes/No); if it is No UNICEF led, indicate what partner leads the policy priority; if it is led by UNICEF, indicate whether there is any milestone left out (not included in column D) | V2: Indicate below for each milestone whether 1) UNICEF leads (Yes/No), if it is No UNICEF led, indicate what partner leads the milestone; 2) if it is led by UNICEF, indicate what other partners contribute to the milestone (or say none if this is the case)
A3: EDUCATION | B3: Access to the education system | C3: 3. Inclusion in the national education and training system | D3: 3.1 EMIS: 2026: EMIS is functioning with refugee data included. 2027. EMIS includes a majority of refugee schools in the system | E3: 1c) Evidence on how PROSPECTS has contributed to a change in legal frameworks, policies and asylum system related to access for refugees to education and training systems | F3: 1=No contribution to target | G3: 2=Initiated contribution to target | H3: 3=Approaches milestone target | I3: 4=Achieved milestone target | Q3: X
D4: 3.2 Digital Agenda Strategy 2024: Digital Agenda Strategy launched by the Minister of Education and Sports and planning for implementation is initiated and includes a focus on host and refugee children and adolescents 2025: Costed roadmap for the implementation of the Digital Agenda Strategy developed with digital learning and skilling for refugees included. 2026: Costed roadmap implemented with digital learning and skilling for refugees included. | F4: 2=Initiated contribution to target | G4: 3=Approaches milestone target | H4: 3=Approaches milestone target | P4: X | Q4: X
D5: 3.3 TVET Policy 2025: TVET Council established for the operationalisation of the Skills Development Fund. 2026: Skills Development Fund operationalised and also benefitted refugees by ensuring that it has regulations that includes and provides needs-based skills for refugees. 2027: TVET Act is adopted and includes provisions for refugee skilling | E5: 1d) Evidence that PROSPECTS contributed to institutional capacity strengthening in relation to inclusion in education and trainings for FDPs and HCs | F5: 1=No contribution to target | G5: 2=Initiated contribution to target | H5: 2=Initiated contribution to target | O5: X | P5: X | Q5: X
D6: 3.4 Other 2027: Infrastructure and HR RSD / registration shortcomings addresssed and sustainability strategy developed by 2027. | E6: 1c) Evidence on how PROSPECTS has contributed to a change in legal frameworks, policies and asylum system related to access for refugees to education and training systems | O6: X
A7: SOCIAL PROTECTION | B7: Inclusion of Refugee & FDP in National Social Protection Systems | C7: 2. Inclusion of critical areas of refugee protection, Social Protection and self- reliance (such as asylum, digital identity management and documentation capacity, jobs and livelihoods, social protection, education, and related matters) in national and local development plans and programmes. | D7: 2.1 NDP IV. Dialogue and engagement with National Planning Authority and relevant programmes to include critical areas for refugee self reliance and protection in the draft NDP IV and relevant Programme Implementation Action Plans (PIAPs). *2027- NDP IV, selected PIAPs and DDPs tracking and reporting progress relating to inclusion of FDPs. | E7: 3.1b) Evidence on how PROSPECTS has contributed to a change in legal frameworks, policies and asylum system related to inclusive social protection for refugees and HCs, based on security standards and principles​​ | P7: X | Q7: X | R7: X | S7: X
D8: 2.2 National Strategy on Coverage Extension. *2024 - Review of the National Strategy on Coverage Extension to the Informal Economy to Include Refugees and HC and Costing of the National Strategy on Coverage Extension (ILO, UNICEF, UNHCR, WB). *2025- rollout of the National Strategy on Coverage Extension to the Informal Economy (ILO, UNICEF, WB) | O8: X | P8: X | Q8: X
D9: 2.3 2024 - Transition Strategy for health, education and water services from humanitarian into national systems is developed (UNICEF, UNHCR, WB). *2025 – High level policy discussions for action on the Transition Strategy. (UNHCR, WB, UNICEF) | N9: X | O9: X
D10: 2.4 2025- key CP GBV CBP inclusion priorities in Ministry of Gender, Labour and Social Development frameworks, NDPIV, Governance and Security Programme, Administration of Justice Programme, the Human Capital Development Programme, District Development Plans and operational budgets (UNICEF, UNHCR, WB) | O10: X | P10: X
D11: 2.5 2025 The national social protection strategy operationalized. | Q11: X

Sheet Graphs
B1: FORMULA | F1: DATA
A2: Milestones | B2: 2024 | C2: 2025 | D2: 2026 | E2: 2027 | F2: 2024 | G2: 2025 | H2: 2026 | I2: 2027
A3: 3.1 EMIS: 2026: EMIS is functioning with refugee data included. 2027. EMIS includes a majority of refugee schools in the system | B3: =IF('Tab3b Policy Progress'!F3="1=No contribution to target ",1,IF('Tab3b Policy Progress'!F3="2=Initiated contribution to target",2,IF('Tab3b Policy Progress'!F3="3=Approaches milestone target",3,IF('Tab3b Policy Progress'!F3="4=Achieved milestone target",4,"")))) -> 1 | C3: =IF('Tab3b Policy Progress'!G3="1=No contribution to target ",1,IF('Tab3b Policy Progress'!G3="2=Initiated contribution to target",2,IF('Tab3b Policy Progress'!G3="3=Approaches milestone target",3,IF('Tab3b Policy Progress'!G3="4=Achieved milestone target",4,"")))) -> 2 | D3: =IF('Tab3b Policy Progress'!H3="1=No contribution to target ",1,IF('Tab3b Policy Progress'!H3="2=Initiated contribution to target",2,IF('Tab3b Policy Progress'!H3="3=Approaches milestone target",3,IF('Tab3b Policy Progress'!H3="4=Achieved milestone target",4,"")))) -> 3 | E3: =IF('Tab3b Policy Progress'!I3="1=No contribution to target ",1,IF('Tab3b Policy Progress'!I3="2=Initiated contribution to target",2,IF('Tab3b Policy Progress'!I3="3=Approaches milestone target",3,IF('Tab3b Policy Progress'!I3="4=Achieved milestone target",4,"")))) -> 4 | F3: =B3 -> 1 | G3: =C3 -> 2 | H3: =D3 -> 3 | I3: =E3 -> 4
A4: 3.2 Digital Agenda Strategy 2024: Digital Agenda Strategy launched by the Minister of Education and Sports and planning for implementation is initiated and includes a focus on host and refugee children and adolescents 2025: Costed roadmap for the implementation of the Digital Agenda Strategy developed with digital learning and skilling for refugees included. 2026: Costed roadmap implemented with digital learning and skilling for refugees included. | B4: =IF('Tab3b Policy Progress'!F4="1=No contribution to target ",1,IF('Tab3b Policy Progress'!F4="2=Initiated contribution to target",2,IF('Tab3b Policy Progress'!F4="3=Approaches milestone target",3,IF('Tab3b Policy Progress'!F4="4=Achieved milestone target",4,"")))) -> 2 | C4: =IF('Tab3b Policy Progress'!G4="1=No contribution to target ",1,IF('Tab3b Policy Progress'!G4="2=Initiated contribution to target",2,IF('Tab3b Policy Progress'!G4="3=Approaches milestone target",3,IF('Tab3b Policy Progress'!G4="4=Achieved milestone target",4,"")))) -> 3 | D4: =IF('Tab3b Policy Progress'!H4="1=No contribution to target ",1,IF('Tab3b Policy Progress'!H4="2=Initiated contribution to target",2,IF('Tab3b Policy Progress'!H4="3=Approaches milestone target",3,IF('Tab3b Policy Progress'!H4="4=Achieved milestone target",4,"")))) -> 3 | E4: =IF('Tab3b Policy Progress'!I4="1=No contribution to target ",1,IF('Tab3b Policy Progress'!I4="2=Initiated contribution to target",2,IF('Tab3b Policy Progress'!I4="3=Approaches milestone target",3,IF('Tab3b Policy Progress'!I4="4=Achieved milestone target",4,"")))) | F4: =B4 -> 2 | G4: =C4 -> 3 | H4: =D4 -> 3 | I4: =E4
A5: 3.3 TVET Policy 2025: TVET Council established for the operationalisation of the Skills Development Fund. 2026: Skills Development Fund operationalised and also benefitted refugees by ensuring that it has regulations that includes and provides needs-based skills for refugees. 2027: TVET Act is adopted and includes provisions for refugee skilling | B5: =IF('Tab3b Policy Progress'!F5="1=No contribution to target ",1,IF('Tab3b Policy Progress'!F5="2=Initiated contribution to target",2,IF('Tab3b Policy Progress'!F5="3=Approaches milestone target",3,IF('Tab3b Policy Progress'!F5="4=Achieved milestone target",4,"")))) -> 1 | C5: =IF('Tab3b Policy Progress'!G5="1=No contribution to target ",1,IF('Tab3b Policy Progress'!G5="2=Initiated contribution to target",2,IF('Tab3b Policy Progress'!G5="3=Approaches milestone target",3,IF('Tab3b Policy Progress'!G5="4=Achieved milestone target",4,"")))) -> 2 | D5: =IF('Tab3b Policy Progress'!H5="1=No contribution to target ",1,IF('Tab3b Policy Progress'!H5="2=Initiated contribution to target",2,IF('Tab3b Policy Progress'!H5="3=Approaches milestone target",3,IF('Tab3b Policy Progress'!H5="4=Achieved milestone target",4,"")))) -> 2 | E5: =IF('Tab3b Policy Progress'!I5="1=No contribution to target ",1,IF('Tab3b Policy Progress'!I5="2=Initiated contribution to target",2,IF('Tab3b Policy Progress'!I5="3=Approaches milestone target",3,IF('Tab3b Policy Progress'!I5="4=Achieved milestone target",4,"")))) | F5: =B5 -> 1 | G5: =C5 -> 2 | H5: =D5 -> 2 | I5: =E5
A6: 3.4 Other 2027: Infrastructure and HR RSD / registration shortcomings addresssed and sustainability strategy developed by 2027. | B6: =IF('Tab3b Policy Progress'!F6="1=No contribution to target ",1,IF('Tab3b Policy Progress'!F6="2=Initiated contribution to target",2,IF('Tab3b Policy Progress'!F6="3=Approaches milestone target",3,IF('Tab3b Policy Progress'!F6="4=Achieved milestone target",4,"")))) | C6: =IF('Tab3b Policy Progress'!G6="1=No contribution to target ",1,IF('Tab3b Policy Progress'!G6="2=Initiated contribution to target",2,IF('Tab3b Policy Progress'!G6="3=Approaches milestone target",3,IF('Tab3b Policy Progress'!G6="4=Achieved milestone target",4,"")))) | D6: =IF('Tab3b Policy Progress'!H6="1=No contribution to target ",1,IF('Tab3b Policy Progress'!H6="2=Initiated contribution to target",2,IF('Tab3b Policy Progress'!H6="3=Approaches milestone target",3,IF('Tab3b Policy Progress'!H6="4=Achieved milestone target",4,"")))) | E6: =IF('Tab3b Policy Progress'!I6="1=No contribution to target ",1,IF('Tab3b Policy Progress'!I6="2=Initiated contribution to target",2,IF('Tab3b Policy Progress'!I6="3=Approaches milestone target",3,IF('Tab3b Policy Progress'!I6="4=Achieved milestone target",4,"")))) | F6: =B6 | G6: =C6 | H6: =D6 | I6: =E6
A7: 2.1 NDP IV. Dialogue and engagement with National Planning Authority and relevant programmes to include critical areas for refugee self reliance and protection in the draft NDP IV and relevant Programme Implementation Action Plans (PIAPs). *2027- NDP IV, selected PIAPs and DDPs tracking and reporting progress relating to inclusion of FDPs. | B7: =IF('Tab3b Policy Progress'!F7="1=No contribution to target ",1,IF('Tab3b Policy Progress'!F7="2=Initiated contribution to target",2,IF('Tab3b Policy Progress'!F7="3=Approaches milestone target",3,IF('Tab3b Policy Progress'!F7="4=Achieved milestone target",4,"")))) | C7: =IF('Tab3b Policy Progress'!G7="1=No contribution to target ",1,IF('Tab3b Policy Progress'!G7="2=Initiated contribution to target",2,IF('Tab3b Policy Progress'!G7="3=Approaches milestone target",3,IF('Tab3b Policy Progress'!G7="4=Achieved milestone target",4,"")))) | D7: =IF('Tab3b Policy Progress'!H7="1=No contribution to target ",1,IF('Tab3b Policy Progress'!H7="2=Initiated contribution to target",2,IF('Tab3b Policy Progress'!H7="3=Approaches milestone target",3,IF('Tab3b Policy Progress'!H7="4=Achieved milestone target",4,"")))) | E7: =IF('Tab3b Policy Progress'!I7="1=No contribution to target ",1,IF('Tab3b Policy Progress'!I7="2=Initiated contribution to target",2,IF('Tab3b Policy Progress'!I7="3=Approaches milestone target",3,IF('Tab3b Policy Progress'!I7="4=Achieved milestone target",4,"")))) | F7: =B7 | G7: =C7 | H7: =D7 | I7: =E7
A8: 2.2 National Strategy on Coverage Extension. *2024 - Review of the National Strategy on Coverage Extension to the Informal Economy to Include Refugees and HC and Costing of the National Strategy on Coverage Extension (ILO, UNICEF, UNHCR, WB). *2025- rollout of the National Strategy on Coverage Extension to the Informal Economy (ILO, UNICEF, WB) | B8: =IF('Tab3b Policy Progress'!F8="1=No contribution to target ",1,IF('Tab3b Policy Progress'!F8="2=Initiated contribution to target",2,IF('Tab3b Policy Progress'!F8="3=Approaches milestone target",3,IF('Tab3b Policy Progress'!F8="4=Achieved milestone target",4,"")))) | C8: =IF('Tab3b Policy Progress'!G8="1=No contribution to target ",1,IF('Tab3b Policy Progress'!G8="2=Initiated contribution to target",2,IF('Tab3b Policy Progress'!G8="3=Approaches milestone target",3,IF('Tab3b Policy Progress'!G8="4=Achieved milestone target",4,"")))) | D8: =IF('Tab3b Policy Progress'!H8="1=No contribution to target ",1,IF('Tab3b Policy Progress'!H8="2=Initiated contribution to target",2,IF('Tab3b Policy Progress'!H8="3=Approaches milestone target",3,IF('Tab3b Policy Progress'!H8="4=Achieved milestone target",4,"")))) | E8: =IF('Tab3b Policy Progress'!I8="1=No contribution to target ",1,IF('Tab3b Policy Progress'!I8="2=Initiated contribution to target",2,IF('Tab3b Policy Progress'!I8="3=Approaches milestone target",3,IF('Tab3b Policy Progress'!I8="4=Achieved milestone target",4,"")))) | F8: =B8 | G8: =C8 | H8: =D8 | I8: =E8
A9: 2.3 2024 - Transition Strategy for health, education and water services from humanitarian into national systems is developed (UNICEF, UNHCR, WB). *2025 – High level policy discussions for action on the Transition Strategy. (UNHCR, WB, UNICEF) | B9: =IF('Tab3b Policy Progress'!F9="1=No contribution to target ",1,IF('Tab3b Policy Progress'!F9="2=Initiated contribution to target",2,IF('Tab3b Policy Progress'!F9="3=Approaches milestone target",3,IF('Tab3b Policy Progress'!F9="4=Achieved milestone target",4,"")))) | C9: =IF('Tab3b Policy Progress'!G9="1=No contribution to target ",1,IF('Tab3b Policy Progress'!G9="2=Initiated contribution to target",2,IF('Tab3b Policy Progress'!G9="3=Approaches milestone target",3,IF('Tab3b Policy Progress'!G9="4=Achieved milestone target",4,"")))) | D9: =IF('Tab3b Policy Progress'!H9="1=No contribution to target ",1,IF('Tab3b Policy Progress'!H9="2=Initiated contribution to target",2,IF('Tab3b Policy Progress'!H9="3=Approaches milestone target",3,IF('Tab3b Policy Progress'!H9="4=Achieved milestone target",4,"")))) | E9: =IF('Tab3b Policy Progress'!I9="1=No contribution to target ",1,IF('Tab3b Policy Progress'!I9="2=Initiated contribution to target",2,IF('Tab3b Policy Progress'!I9="3=Approaches milestone target",3,IF('Tab3b Policy Progress'!I9="4=Achieved milestone target",4,"")))) | F9: =B9 | G9: =C9 | H9: =D9 | I9: =E9
A10: 2.4 2025- key CP GBV CBP inclusion priorities in Ministry of Gender, Labour and Social Development frameworks, NDPIV, Governance and Security Programme, Administration of Justice Programme, the Human Capital Development Programme, District Development Plans and operational budgets (UNICEF, UNHCR, WB) | B10: =IF('Tab3b Policy Progress'!F10="1=No contribution to target ",1,IF('Tab3b Policy Progress'!F10="2=Initiated contribution to target",2,IF('Tab3b Policy Progress'!F10="3=Approaches milestone target",3,IF('Tab3b Policy Progress'!F10="4=Achieved milestone target",4,"")))) | C10: =IF('Tab3b Policy Progress'!G10="1=No contribution to target ",1,IF('Tab3b Policy Progress'!G10="2=Initiated contribution to target",2,IF('Tab3b Policy Progress'!G10="3=Approaches milestone target",3,IF('Tab3b Policy Progress'!G10="4=Achieved milestone target",4,"")))) | D10: =IF('Tab3b Policy Progress'!H10="1=No contribution to target ",1,IF('Tab3b Policy Progress'!H10="2=Initiated contribution to target",2,IF('Tab3b Policy Progress'!H10="3=Approaches milestone target",3,IF('Tab3b Policy Progress'!H10="4=Achieved milestone target",4,"")))) | E10: =IF('Tab3b Policy Progress'!I10="1=No contribution to target ",1,IF('Tab3b Policy Progress'!I10="2=Initiated contribution to target",2,IF('Tab3b Policy Progress'!I10="3=Approaches milestone target",3,IF('Tab3b Policy Progress'!I10="4=Achieved milestone target",4,"")))) | F10: =B10 | G10: =C10 | H10: =D10 | I10: =E10
A11: 2.5 2025 The national social protection strategy operationalized. | B11: =IF('Tab3b Policy Progress'!F11="1=No contribution to target ",1,IF('Tab3b Policy Progress'!F11="2=Initiated contribution to target",2,IF('Tab3b Policy Progress'!F11="3=Approaches milestone target",3,IF('Tab3b Policy Progress'!F11="4=Achieved milestone target",4,"")))) | C11: =IF('Tab3b Policy Progress'!G11="1=No contribution to target ",1,IF('Tab3b Policy Progress'!G11="2=Initiated contribution to target",2,IF('Tab3b Policy Progress'!G11="3=Approaches milestone target",3,IF('Tab3b Policy Progress'!G11="4=Achieved milestone target",4,"")))) | D11: =IF('Tab3b Policy Progress'!H11="1=No contribution to target ",1,IF('Tab3b Policy Progress'!H11="2=Initiated contribution to target",2,IF('Tab3b Policy Progress'!H11="3=Approaches milestone target",3,IF('Tab3b Policy Progress'!H11="4=Achieved milestone target",4,"")))) | E11: =IF('Tab3b Policy Progress'!I11="1=No contribution to target ",1,IF('Tab3b Policy Progress'!I11="2=Initiated contribution to target",2,IF('Tab3b Policy Progress'!I11="3=Approaches milestone target",3,IF('Tab3b Policy Progress'!I11="4=Achieved milestone target",4,"")))) | F11: =B11 | G11: =C11 | H11: =D11 | I11: =E11

Sheet Tab 4 Risk Assessment
B2: 1. Contextual Risks
B3: c | C3: Impact on results | D3: Likelihood | E3: Mitigation measures | F3: Responsible partner to monitor and update risk assessment
B4: Climate change, natural disasters, pandemics and epidemics | C4: High | D4: Likely | E4: 1) Collaborate with relevant government departments to provide information for early warning and preparation 2) Design and support implementation of green & climate smart interventions 3)Monitor the environment and follow guidelines as issued by the relevant authorities 4) adjust project implementation in response to contextual realities consultation with stakeholders 5) incorporate climate and environmental considerations in project design and implementation | F4: All PROSPECTS Partners
B5: 2026 general electoral process, and related events | C5: High | D5: Highly likely | E5: 1) Develop a business continuity plan at least 6 months prior to election and adjust as necessary through contextual assessments 2) Share PROSPECTS objectives, scope and target with stakeholders 3) Stay uptodate with electoral news to align project activities with the election timeline | F5: All PROSPECTS Partners
B6: Implementation of the Anti-Homosexuality Act 2023 | C6: High | D6: Likely | E6: 1) Continuously monitor the impact of the Anti-Homosexuality Act 2023 on beneficiaries and implementing stakeholders. 2) Engage in advocacy efforts with the host government and local authorities to address concerns and potential challenges arising from the Act. 3) Stay updated on legal developments and adapt project strategies accordingly. | F6: All PROSPECTS Partners
B7: Unfavourable peace and security situation in the neighbouring countries | C7: High | D7: Likely | E7: 1) Monitor effects of peace and security situation and refugee influx and its impact on project implementation 2) Adjust project implementation in consulation with stakeholders and in response to local context 3) Collaborate closely with local stakeholders and authorities to understand the evolving security landscape. 4) Ensure the safety and security of project staff and beneficiaries through appropriate measures and contingency plans | F7: All PROSPECTS Partners
B8: Changing government policy priorites regarding refugees. | C8: High | D8: Unlikely | E8: 1). Monitoring and analyse any changes in government policy priorities and adjust project implementation accordingly. 2) Continued advocacy for maintenance of the favorable refugee hosting and integration policies. 3) Strengthen relationships with policymakers and provide evidence-based arguments for the importance of stable refugee policies | F8: All PROSPECTS Partners
B9: 2. Programmatic Risks
B10: Risks | C10: Impact on results | D10: Likelihood | E10: Mitigation measures | F10: Responsible partner to monitor and update risk assessment
B11: Economy is highly informal with limited access to economic and productive resources for refugees | C11: Average | D11: Highly likely | E11: 1) Implement local economic development interventions to strengthen the private sector and local government capacity. 2) Support interventions that drive formalization of the local economy, creating opportunities for refugees. 3) Develop partnerships with private sector entities and government to enhance refugee access to productive resources, such as block farming and irrigation facilities. 4) Facilitate skills training programs to empower refugees with marketable skills, promoting self-employment and entrepreneurship. 5) Establish microfinance initiatives or cooperative schemes to provide financial resources and support small-scale businesses among refugees. 6) Advocate for policies that promote economic inclusion, encouraging local businesses to hire refugees and engage them in economic activities. | F11: All Prospects Partners
B12: Unprecedented increase in rate of inflation | C12: High | D12: Average | E12: 1) Develop contingency plans and provision for cost increases in project budgets. 2) Regularly monitor economic indicators and adjust budget allocations in response to inflation rates. 3) Diversify suppliers and negotiate long-term contracts to stabilize costs where possible. 4) Foster partnerships with local producers and suppliers, promoting regional sourcing to minimize the impact of international market fluctuations. | F12: All Prospects Partners
B13: Delay in government endorsement of regulatory frameworks related to refugee inclusion and increased operational hurdles on programme approvals and implementation | C13: Average | D13: Average | E13: 1) Align project planning with government priorities and processes to expedite regulatory approvals. 2) Identify and address operational bottlenecks by engaging with key stakeholders. 3) Engage in negotiations with the government to streamline approval processes and reduce bureaucratic hurdles. 4) Establish a dedicated liaison team to maintain open channels of communication with government officials, addressing concerns and facilitating the endorsement process. 5) Collaborate with advocacy organizations and legal experts to navigate the regulatory landscape, ensuring compliance and expediting approval processes. | F13: All Prospects Partners
B14: Fraud, inefficiencies, and ineffective controls in partner projects leading to loss of resources, confidence in stakeholders, and reputational risk. | C14: High | D14: Likely | E14: 1) Strengthen risk based ovesight of partnership agreements based on established procedures including HACT and other forms of external audits and multi functional risk assessments. 2) Strengthen project agreement essential controls for government entities including closer review of financial performance and if necssary and applicable apply joint measures among PROSPECT partners 3) Partner capacity building in fraud risk management 4) Strengthen joint partner monitoring and where fraud and corruption risks are identified conduct in-depth root cause analysis and develop mitigation plans in consultation with key stakeholders 5) Strengthen fraud and corruption reporting, investigation and management in close collaboration with all stakeholders including government. 6) Strengthen fraud risk information sharing among PROSPECT partners. 7) Foster a culture of transparency and accountability through training programs, emphasizing ethical conduct and adherence to organizational policies and procedures. | F14: All Prospects Partners
B15: Weak and ineffective project monitoring and community engagement | C15: Average | D15: Unlikely | E15: 1) PROSPECT partners consensus on community engagement strategy 2) ensure inclusive and meaningful participation of stakeholders at all levels (CSO, women groups, communtiy leaders included etc… ) and at all stages of project design, implementation and monitoring 3) Strengthen use of etsablished feedback and complaints mechanisms and other refugee and/or communtiy structures and use data to improve programming and implementation | F15: All Prospects Partners
B16: Sexual Exploitation and Abuse/Sexual Harassment | C16: High | D16: Likely | E16: 1) Raise awareness among partner personnel on SEA/SH prevention, reporting and response through dedicated trainings at least 1 x year. 2) Ensure selected partner meet the required standards for SEA prevention and management as outlined in UN partner capacity assessments 3) Ensure project design and implementation take into consideration the risk of SEA 4) Strengthen dialogue, information and communictaion with host beneficiaries on SEA prevention and reporting using confidential channels such as the FRRM (UNHCR's feedback, referral, resolution mechanism) 5) Ensuring Propsects stakeholders have shared understanding of SEA management SOP including reporting, referral, and case mangement protocols 6) Provide trauma-informed training to staff and partners, equipping them with the skills to handle reports sensitively and support survivors effectively. 7) Engage with local women's organizations and key stakeholders to develop community-led initiatives addressing gender-based violence, promoting a safe and inclusive environment. | F16: All Prospects Partners
B17: Declining socio economic trends and opportunities for both local and refugee populations threaten peaceful coexistence | C17: High | D17: Average | E17: 1) Community ownership through home-grown and context specific peaceful co-existence activities and messaging that are prioritized and fostered through mutually beneficial, respectful and transparent partnerships. 2) Promote and expand meaningful youth engagement in activities that promote peaceful co-existence 3) Facilitate intercultural exchange programs, encouraging dialogue and understanding between local residents and refugees, fostering mutual respect and cooperation. | F17: All Prospects Partners
B18: Weak coordination among stakeholders lead to fragemented implementation, delayed and inconsistent achievement of objectives | C18: High | D18: Unlikely | E18: 1) Establish regular coordination meetings with documented minutes to enhance communication and collaboration among stakeholders. 2) Implement protocols for periodic program implementation reviews to ensure consistency and alignment with objectives. 3) Track and monitor the implementation of agreed activities and results through multifunctional joint monitoring and review processes. 4) Ensure joint tools are in place for accurate data collection and reporting on project indicators, fostering transparency and accountability among all stakeholders. 5) Foster partnerships with local community leaders, leveraging their influence to encourage active participation and coordination among stakeholders. 6) Organize joint workshops and training sessions, promoting shared learning and understanding among stakeholders, enhancing coordination and cohesion. | F18: All Prospects Partners

Sheet Tab 5 Multi-annual targets-
A2: INDICATORS | B2: Partners | C2: Cumulative Target per partner (2024-2027)
A3: PILLAR 1: EDUCATION AND LEARNING
A4: Mid-term Outcome 1: Increased Access of FDPs And HCs To Quality Education, Skills and Learning Opportunities
A5: 1a) Number of FDPs/HCs who completed their primary or secondary education program (formal and non-formal) | B5: TOTAL | C5: =SUM(C6:C10) -> 0
B6: ILO
B7: IFC
B8: UNHCR
B9: UNICEF
B10: World Bank
A11: 1b) Number of FDPs/HCs who completed a professional, technical or vocational education and/or training program or another non-formal skills training | B11: TOTAL | C11: =SUM(C12:C16) -> 51560
B12: ILO | C12: 3080
B13: IFC
B14: UNHCR
B15: UNICEF | C15: =(36000+9600)*0.8+(15000*0.8) -> 48480
B16: World Bank
A17: 1c) Evidence that legal frameworks and policies are inclusive for refugees in terms of access to education systems | B17: No target needed
A18: 1d) Number of FDPs/HCs supported by national programs whose acces to quality education, skills and learning opportunities have been strengthed by PROSPECTS supporting activities | B18: World Bank | C18: TBD
A19: Short-term Outcome 1.1: Increased National Capacity to Deliver Quality Education and Vocational Training
A20: 1.1a) Number of education and training institutions receiving technical assistance or capacity building | B20: TOTAL | C20: =SUM(C21:C25) -> 267
B21: ILO | C21: 10
B22: IFC
B23: UNHCR
B24: UNICEF | C24: =180+70+4+3 -> 257
B25: World Bank
A26: 1.1b) Number of teachers/ facilitators/ TVET trainers completing professional development trainings | B26: TOTAL | C26: =SUM(C27:C31) -> 4374
B27: ILO | C27: 40
B28: IFC
B29: UNHCR | C29: 2000
B30: UNICEF | C30: =((5*223)+(5*8)+(4*3))*2 -> 2334
B31: World Bank
A32: 1.1c) Number of educational skills training curricula and programs (online & offline), improved/ updated/ developed (with formal and non-formal educational and skills training systems) | B32: TOTAL | C32: =SUM(C33:C37) -> 4
B33: ILO
B34: IFC
B35: UNHCR
B36: UNICEF | C36: 4
B37: World Bank
A38: Short-term Outcome 1.2: More FDPs And HCs Enrolled and Retained in Formal and Non-Formal Education At (Pre-) Primary and Secondary Levels
A39: 1.2a) Number of new FDPs/HCs enrolled in pre-primary/primary/secondary education (formal and non-formal) | B39: TOTAL | C39: -
B40: ILO
B41: IFC
B42: UNHCR
B43: UNICEF | C43: =20000+2500+36000 -> 58500
B44: World Bank
A45: 1.2c) Number of FDPs/HCs provided with in-kind or financial support to attend educational programs | B45: TOTAL | C45: -
B46: ILO
B47: IFC
B48: UNHCR
B49: UNICEF
B50: World Bank
A51: GCR indicator 2.2.1 - Proportion of refugee children enrolled in the national education system (primary and secondary) | B51: No target needed
A52: Short-term Outcome 1.3: More FDPs and HCs Access Occupational Relevant Skills and Skills Recognition for Transition to Work
A53: 1.3a) Number of FDPs/HCs who enrolled in professional, technical or vocational education and/or formal/informal skills training program | B53: TOTAL | C53: =SUM(C54:C58) -> 53850
B54: ILO | C54: 2850
B55: IFC
B56: UNHCR
B57: UNICEF | C57: =15000+36000 -> 51000
B58: World Bank
A59: 1.3b) Number of FDPs/HCs accessing apprenticeships, internships, fellowships, on-the-job training and work-based learning opportunities and other transition pathways to employability | B59: TOTAL | C59: 2800
B60: ILO | C60: 1000
B61: IFC
B62: UNHCR
B63: UNICEF | C63: 2500
B64: World Bank
A65: 1.3c) Number of FDPs/HCs’ skills and qualifications recognized (RPL, credential evaluation, micro-credentialing, certification etc.) | B65: TOTAL | C65: 800
B66: ILO | C66: 800
B67: IFC
B68: UNHCR
B69: UNICEF | C69: 1000
B70: World Bank
A71: PILLAR 2: ECONOMIC INCLUSION
A72: Mid-term Outcome 2: Improved livelihoods and expanded economic opportunities for FDPs and HCs, through access to entrepreneurship and employment with dignity
A73: 2a) Number of new wage employment and/or self-employment (business) opportunities supported by PROSPECTS | B73: TOTAL | C73: 5100
B74: ILO | C74: 5410
B75: IFC
B76: UNHCR
B77: UNICEF
B78: World Bank
A79: 2b) Number of FDPs/HC members already employed or self-employed who have either increased their income, enhanced their working conditions or maintained resilient livelihoods | B79: TOTAL
B80: ILO | C80: 6350
B81: IFC
B82: UNHCR
B83: UNICEF
B84: World Bank
A85: 2c) Number of Government institutions, BDS providers, financial institutions, input providers and/or cooperatives that have introduced new services or scaled their service offer for FDPs and HCs | B85: TOTAL | C85: 30
B86: ILO | C86: 30
B87: IFC | C87: 2
B88: UNHCR
B89: UNICEF
B90: World Bank
A91: 2d) Evidence that legal frameworks and policies are inclusive for refugees in terms of access to labor market and formality | B91: TOTAL | C91: -
B92: ILO
B93: IFC
B94: UNHCR
B95: UNICEF
B96: World Bank
A97: 2e) Number of improved livelihoods and expanded economic opportunities for FDPs/HCs supported under national programs strengthened by PROSPECTS supporting activities.
A98: GCR indicator 2.1.1 - Proportion of refugees who have access to decent work by law | B98: No target needed
A99: Short-term Outcome 2.1: Improved Labour Market Governance Supporting Transition to and Entry into Employment and Formalization
A100: 2.1a) Number of job seekers using employment services | B100: TOTAL | C100: 2000
B101: ILO | C101: 1600
...

Sheet Lists2
B3: Collective intervention | D3: Access to rights | H3: WB | I3: MACP | K3: Pillar 1: EDUCATION AND LEARNING
B4: Aligned intervention | D4: Access to basic services | H4: ILO | I4: OF | K4: Pillar 2: ECONOMIC INCLUSION
B5: Partner specific intervention | D5: Access to socio-economic opportunities | H5: UNHCR | K5: Pillar 3: PROTECTION AND SOCIAL PROTECTION
H6: IFC | K6: Pillar 4: CRITICAL INFRASTRUCTURE
H7: UNICEF
B10: Ahead of schedule
B11: On track
B12: Constrained
B15: Highly likely | D15: High
B16: Likely | D16: Average
B17: Average | D17: Low
B18: Unlikely
B19: Highly unlikely
B22: Self assessment | C22: Protection | D22: Social protection | E22: Education
B23: 1=No contribution to target | C23: Level 1: System Building | D23: 1)Absent | E23: 1) Weak
B24: 2=Initiated contribution to target | C24: Level 2: System Enhancement | D24: 2) Weak | E24: 2) Initiating
B25: 3=Approaches milestone target | C25: Level 3: System Integration | D25: 3) Moderate | E25: 3) Established
B26: 4=Achieved milestone target | C26: Level 4: System Maturity | D26: 4) Strong | E26: 4) Championing

Sheet Symbols
E4: Meets target (2024) | K4: Meets target (2025)
E7: Approaches target (2024) | K7: Approaches target (2025)
E10: Initiated (2024) | K10: Initiated (2025)
E13: Not initiated (2024) | K13: Not initiated (2025)
Q16: 0.25 | R16: 0.5 | S16: 0.75 | T16: 1
Q17: 0.75 | R17: 0.5 | S17: 0.25 | T17: 0
Q18: 2024
Q24: Not initated | R24: Initiated | S24: Approaches | T24: Meets target
Q27: 2025
Q33: Not initated | R33: Initiated | S33: Approaches | T33: Meets target

Sheet Lists
B3: Collective intervention | D3: Access to rights | H3: WB | I3: MACP | K3: Pillar 1: EDUCATION AND LEARNING
B4: Aligned intervention | D4: Access to basic services | H4: ILO | I4: OF | K4: Pillar 2: ECONOMIC INCLUSION
B5: Partner specific intervention | D5: Access to socio-economic opportunities | H5: UNHCR | K5: Pillar 3: PROTECTION AND SOCIAL PROTECTION
H6: IFC | K6: Pillar 4: CRITICAL INFRASTRUCTURE
H7: UNICEF
K9: Reference to TOC
B10: Ahead of schedule | K10: 1.1 Foundational Skills
B11: On track | K11: 1.2 Transferable Skills
B12: Constrained | K12: 1.3 Job-specific and vocational skills
K13: 1.4 Internship, apprenticeship and entrepreneurship, employment opportunities
K14: 2.1 Improved and inclusive labor market governance
B15: Highly likely | D15: High | K15: 2.2 Enhanced public and private investment
B16: Likely | D16: Average | K16: 2.3 Access to business development services, finance and market linkages
B17: Average | D17: Low | K17: 2.4 Increased public employment programmes
B18: Unlikely | K18: 3.1 Sustained, inclusive and protective policy framework
B19: Highly unlikely | K19: 3.2 Strengthened asylum system and documentation
K20: 3.3 Safety from violence and exploitation, including GBV
K21: 3.4 Extended coverage of social protection systems
K22: 4. Leveraging critical infrastructure
